 Dungeon Crawl Stone Soup version 0.31.0-1-g2c135a0 (webtiles) character file.

Game seed: 12206312650692750312

43276937 jagoly the Demon Slayer (level 27, 199/199 HPs)
             Began as a Gargoyle Monk on Feb 3, 2024.
             Was a High Priest of the Shining One.
             Escaped with the Orb
             ... and 15 runes
             ... and 11 gems (all intact) on Feb 4, 2024!
             The game lasted 13:55:30 (34512 turns).

jagoly the Demon Slayer (Gargoyle Monk)            Turns: 34512, Time: 13:55:31

Health: 199/199    AC: 68    Str: 30    XL:     27
Magic:  40/40      EV: 17    Int: 18    God:    the Shining One [*****.]
Gold:   1657       SH: 35    Dex: 10    Spells: 25/26 levels left

rFire   + + +        a - +9 broad axe (holy)
rCold   + + +        h - +8 tower shield {rC+}
rNeg    + + +        p - +10 gold dragon scales "Jopsugg" {rPois rF+ rC+ Int+3}
rPois   ∞            f - +2 helmet {Int+3}
rElec   +            V - scarf {repulsion}
rCorr   .            c - +2 pair of gloves {Dex+3}
SInv    .            C - +2 pair of boots
Will    +++..        H - amulet "Ymarph" {Reflect Regen+ Int+2 SH+5} Stlth
                     d - ring of the Queen {+Blink rF+ rC+ EV+5 Str+2 Dex-3}
HPRegen 1.33/turn    u - ring "Earthly Heaven" {rF+ Will+ Stlth+}
MPRegen 0.27/turn

%: repel missiles, reflection, clarity
@: flying, glowing
A: sickness immunity, AC +20, big wings, negative energy resistance 1,
electricity resistance, torment resistance 1, petrification resistance, clarity,
clumsy 1, dopey 1, fire resistance 1, subdued magic 1, persistent drain
0: Orb of Zot
}: 15/15 runes: barnacled, slimy, silver, golden, iron, obsidian, icy, bone,
abyssal, demonic, glowing, magical, fiery, dark, gossamer
a: Renounce Religion, Evoke Blink, Divine Shield, Cleansing Flame, Summon Divine
Warrior


You escaped.
You worshipped the Shining One.
The Shining One was extremely pleased with you.
You visited 18 branches of the dungeon, and saw 88 of its levels.
You visited Pandemonium 1 time, and saw 15 of its levels.
You visited the Abyss 1 time.
You visited 1 bazaar.
You visited 1 ziggurat, and saw 9 of its levels.
You also visited: Gauntlet, Ice Cave, Volcano, Wizlab and Desolation.

You collected 10701 gold pieces.
You spent 9044 gold pieces at shops.

Inventory:

Hand Weapons
 a - a +9 broad axe of holy wrath (weapon)
 b - a +1 trishula of holy wrath
 t - a +3 broad axe of flaming
Missiles
 G - 3 boomerangs (quivered)
 P - 3 silver javelins
 X - 6 curare-tipped darts
 Y - 4 javelins
Armour
 c - a +2 pair of gloves of dexterity (worn)
 f - a +2 helmet of intelligence (worn)
 h - a +8 tower shield of cold resistance (worn)
 p - the +10 gold dragon scales "Jopsugg" (worn) {rPois rF+ rC+ Int+3}
   (You found it on level 3 of the Tomb of the Ancients)

   Int+3:     It affects your intelligence (+3).
   rF+:       It protects you from fire.
   rC+:       It protects you from cold.
   rPois:     It protects you from poison
 C - a +2 pair of boots (worn)
 V - a scarf of repulsion (worn)
Jewellery
 d - the ring of the Queen (left hand) {+Blink rF+ rC+ EV+5 Str+2 Dex-3}
   (You found it on level 3 of the Tomb of the Ancients)

   [ring of evasion]

   EV+5:      It affects your evasion (+5).
   Str+2:     It affects your strength (+2).
   Dex-3:     It affects your dexterity (-3).
   rF+:       It protects you from fire.
   rC+:       It protects you from cold.
   +Blink:    It lets you blink.
 u - the ring "Earthly Heaven" (right hand) {rF+ Will+ Stlth+}
   (You bought it in a shop on level 3 of the Vaults)

   [ring of protection from fire]

   rF+:       It protects you from fire.
   Will+:     It increases your willpower.
   Stlth+:    It makes you more stealthy.
 H - the amulet "Ymarph" (around neck) {Reflect Regen+ Int+2 SH+5}
   (You bought it in a shop on level 2 of the Vaults)

   [amulet of reflection]

   Reflect:   It reflects blocked missile attacks.
   Int+2:     It affects your intelligence (+2).
   Regen+:    It increases your rate of health regeneration.
   SH+5:      It affects your SH (+5).
 Q - a ring of resist corrosion
 R - the ring "Xumamiuck" {rF+ Str+6 Int+2}
   (You bought it in a shop in a bazaar)

   [ring of strength]

   Str+6:     It affects your strength (+6).
   Int+2:     It affects your intelligence (+2).
   rF+:       It protects you from fire.
 U - the ring of the Tempest {Fly rC+ Str+6}
   (You bought it in a shop on level 2 of the Vaults)

   [ring of flight]

   Str+6:     It affects your strength (+6).
   rC+:       It protects you from cold.
   Fly:       It grants you flight.
Wands
 o - a wand of quicksilver (7)
 x - a wand of digging (3)
 L - a wand of mindburst (38)
 N - a wand of roots (8)
Scrolls
 e - a scroll of blinking
 g - a scroll of enchant armour
 y - a scroll of fog
 B - 4 scrolls of teleportation
 F - 3 scrolls of immolation
 J - 8 scrolls of fear
 T - 2 scrolls of silence
Potions
 j - 14 potions of mutation
 k - 3 potions of heal wounds
 l - 3 potions of resistance
 n - 4 potions of magic
 q - 2 potions of cancellation
 s - a potion of ambrosia
 z - 6 potions of curing
 A - 10 potions of enlightenment
 I - 3 potions of berserk rage
 K - a potion of might
 O - a potion of haste
Miscellaneous
 i - a phantom mirror
 m - a condenser vane
 v - a figurine of a ziggurat
 E - a box of beasts
 M - a lightning rod (4/4)
 Z - a phial of floods


   Skills:
 O Level 27 Fighting
 - Level 20.0 Axes
 - Level 16.0 Throwing
 - Level 24.0 Armour
 - Level 16.0 Dodging
 + Level 2.3 Stealth
 - Level 24.0 Shields
 - Level 8.0 Translocations
 O Level 27 Invocations
 - Level 16.0 Evocations


You had 25 spell levels left.
You knew the following spells:

 Your Spells              Type           Power      Damage    Failure   Level
q - Apportation           Tloc           44%        N/A       5%          1

Your spell library contained the following spells:

 Spells                   Type           Power      Damage    Failure   Level
 Blink                    Tloc           44%        N/A       9%          2
 Manifold Assault         Tloc           22%        N/A       52%         4
 Passage of Golubria      Tloc           22%        N/A       52%         4
 Volatile Blastmotes      Fire/Tloc      22%        2d11      67%         3
 Foxfire                  Conj/Fire      0%         2x1d4     86%         1
 Freeze                   Ice            0%         1d3       86%         1
 Magic Dart               Conj           0%         1d3       86%         1
 Necrotise                Necr           0%         1d4       86%         1
 Sandblast                Erth           0%         2d4       86%         1
 Shock                    Conj/Air       0%         1d3       86%         1
 Sting                    Conj/Alch      0%         1d3       86%         1
 Summon Small Mammal      Summ           0%         N/A       86%         1
 Call Imp                 Summ           0%         N/A       94%         2
 Jinxbite                 Hex            0%         N/A       94%         2
 Scorch                   Fire           0%         2d5       94%         2
 Searing Ray              Conj           0%         2d4       94%         2
 Dimensional Bullseye     Hex/Tloc       5%         N/A       97%         4
 Iskenderun's Mystic Bla  Conj/Tloc      11%        2d4       97%         4
 Vhi's Electric Charge    Tloc/Air       22%        N/A       97%         4
 Call Canine Familiar     Summ           0%         N/A       99%         3
 Confusing Touch          Hex            0%         N/A       99%         3
 Dazzling Flash           Conj/Hex       0%         N/A       99%         3
 Frozen Ramparts          Ice            0%         1d1       99%         3
 Fugue of the Fallen      Necr           0%         N/A       99%         3
 Hailstorm                Conj/Ice       0%         3d5       99%         3
 Inner Flame              Hex/Fire       0%         N/A       99%         3
 Mephitic Cloud           Conj/Alch/Air  0%         N/A       99%         3
 Ozocubu's Armour         Ice            0%         N/A       99%         3
 Passwall                 Erth           0%         N/A       99%         3
 Sigil of Binding         Hex            0%         N/A       99%         3
 Stone Arrow              Conj/Erth      0%         3d7       99%         3
 Summon Ice Beast         Ice/Summ       0%         N/A       99%         3
 Swiftness                Air            0%         N/A       99%         3
 Tukima's Dance           Hex            0%         N/A       99%         3
 Airstrike                Air            0%         2d(0-16)  100%        4
 Brom's Barrelling Bould  Conj/Erth      0%         2d3       100%        4
 Flame Wave               Conj/Fire      0%         2d4       100%        4
 Fulminant Prism          Conj/Alch      0%         3d5       100%        4
 Ignite Poison            Fire/Alch      0%         N/A       100%        4
 Leda's Liquefaction      Alch/Erth      0%         N/A       100%        4
 Olgreb's Toxic Radiance  Alch           0%         N/A       100%        4
 Petrify                  Alch/Erth      0%         N/A       100%        4
 Sticky Flame             Fire/Alch      0%         2d4       100%        4
 Alistair's Intoxication  Alch           0%         N/A       100%        5
 Arcjolt                  Conj/Air       0%         1d10      100%        5
 Borgnjor's Vile Clutch   Necr/Erth      0%         N/A       100%        5
 Curse of Agony           Necr           0%         N/A       100%        5
 Freezing Cloud           Conj/Ice/Air   0%         6-21      100%        5
 Irradiate                Conj/Alch      0%         3d11      100%        5
 Lee's Rapid Deconstruct  Erth           0%         3d4*      100%        5
 Metabolic Englaciation   Hex/Ice        0%         N/A       100%        5
 Silence                  Hex/Air        0%         N/A       100%        5
 Summon Forest            Summ/Tloc      5%         N/A       100%        5
 Summon Mana Viper        Hex/Summ       0%         N/A       100%        5
 Yara's Violent Unravell  Hex/Alch       0%         3d3       100%        5
 Bombard                  Conj/Erth      0%         9d1       100%        6
 Conjure Ball Lightning   Conj/Air       0%         3x3d6     100%        6
 Death Channel            Necr           0%         N/A       100%        6
 Dispersal                Tloc           11%        N/A       100%        6
 Eringya's Noxious Bog    Alch           0%         4d6       100%        6
 Plasma Beam              Fire/Air       0%         2x1d10    100%        6
 Starburst                Conj/Fire      0%         6d3       100%        6
 Summon Cactus Giant      Summ           0%         N/A       100%        6
 Enfeeble                 Hex            0%         N/A       100%        7
 Malign Gateway           Summ/Tloc      5%         N/A       100%        7
 Monstrous Menagerie      Summ           0%         N/A       100%        7
 Ozocubu's Refrigeration  Ice            0%         4d7       100%        7
 Discord                  Hex            0%         N/A       100%        8
 Disjunction              Tloc           11%        N/A       100%        8
 Ignition                 Fire           0%         3d3       100%        8
 Lehudib's Crystal Spear  Conj/Erth      0%         10d2      100%        8
 Maxwell's Capacitive Co  Air            0%         ∞         100%        8
 Chain Lightning          Conj/Air       0%         N/A       100%        9
 Fire Storm               Conj/Fire      0%         5d1       100%        9
 Shatter                  Erth           0%         3d5*      100%        9
 Cigotuvi's Dreadful Rot  Necr/Alch/Air  Unusable   N/A       N/A         2
 Sublimation of Blood     Necr           Unusable   N/A       N/A         2

Dungeon Overview and Level Annotations

Branches:
Dungeon (15/15)            Temple (1/1) D:5            Lair (5/5) D:9
 Shoals (4/4) Lair:3       Spider (4/4) Lair:2        Slime (5/5) Lair:4
    Orc (2/2) D:11            Elf (3/3) Orc:2        Vaults (5/5) D:14
  Crypt (3/3) Vaults:2       Tomb (3/3) Crypt:3      Depths (4/4) D:15
   Hell (visited)             Dis (7/7) Hell            Geh (7/7) Hell
    Coc (7/7) Hell            Tar (7/7) Hell            Zot (5/5) Depths:4
  IceCv (visited)         Volcano (visited)          WizLab (visited)
Desolation (visited)      Gauntlet (visited)

Altars:
Ashenzari
Cheibriados
Dithmenos
Elyvilon
Fedhas
Gozag
Kikubaaqudgha
Makhleb
Nemelex Xobeh
Okawaru
Qazlal
Ru
Sif Muna
Trog
Uskayaw
Vehumet
Wu Jian
Xom
Yredelemnul
Zin
The Shining One
Jiyva

Shops:
D:10 :   D:13 :   Orc:1 [   Orc:2 *!(?   Elf:1 (**!   Vaults:1 !   Vaults:2 =
Vaults:3 =   Vaults:5 ?=!!*[   Zot:3 *   Depths:2 !

Portals:
Hell: Depths:2 Depths:4
Abyss: Depths:3
Pandemonium: Depths:2

Annotations:
D:15 Louise
Elf:2 3 runed translucent doors


Innate Abilities, Weirdness & Mutations

You are immune to sickness and miasma.
Your stone body is resilient. (AC +20)
You are immune to poison.
Your large and strong wings let you fly.
You resist negative energy. (rN+)
You are resistant to electric shocks. (rElec)
You are resistant to unholy torment.
You are immune to petrification.
You possess an exceptional clarity of mind.
You are clumsy. (Dex -2)
You are dopey. (Int -2)
Your flesh is heat resistant. (rF+)
Your spells are a little easier to cast, but a little less powerful.
Your health recovers twice as slowly from being drained.


Message History

Your angel hits the Orb Guardian with a +1 whip of holy wrath!
Your angel hits the Orb Guardian but does no damage.
The Orb Guardian misses your angel.
Your angel hits the Orb Guardian but does no damage.
Your angel hits the Orb Guardian with a +1 whip of holy wrath!
Your surroundings suddenly seem different.
A Hell Sentinel comes into view.
A Hell Sentinel comes into view.
The Hell Sentinel roars!
A moth of wrath comes into view.
There is a stone staircase leading up here.
The Hell Sentinel gestures at you.
The sphere of damnation explodes!
The damnation engulfs you!!
You fly upwards.
There is a stone staircase leading down here.
Unknown command.
There is a stone staircase leading up here.
You fly upwards.
There is a stone staircase leading down, spattered with blood here.
There is a stone staircase leading up, spattered with blood here.
HP restored.
You fly upwards.
A red devil comes into view. It is wielding a +0 trident.
There is a stone staircase leading down, spattered with blood here.
You block the red devil's attack.
The red devil attacks as it pursues you!
You block the red devil's attack.
There is an escape hatch in the ceiling here.
A mysterious force pulls you upwards. The hatch slams shut behind you.
As you read the scroll of teleportation, it crumbles to dust.
You feel strangely unstable.
You feel the Orb delaying your translocation!
Your shield is strengthened by the Shining One's divine power.
You block the death cob's attack. x2
Cleave: a) +9 broad axe (holy)
Press: ? - help, Dir - move target, f - death cob
Aim: a death cob (haloed, about 22% to evade your +9 broad axe of holy wrath)
You slice the death cob!!
The death cob convulses!
The death cob is moderately damaged.
You block the death cob's attack. x2
Cleave: a) +9 broad axe (holy)
Press: ? - help, Dir - move target, f/p - death cob
Aim: a death cob (moderately damaged, haloed, about 22% to evade your +9 broad axe of holy wrath)
You slice the death cob!!
The death cob convulses!
The death cob is severely damaged.
You block the death cob's attack.
Cleave: a) +9 broad axe (holy)
Press: ? - help, Dir - move target, f/p - death cob
Aim: a death cob (severely damaged, haloed, about 22% to evade your +9 broad axe of holy wrath)
You hit the death cob.
The death cob convulses.
The death cob is severely damaged.
You block the death cob's attack. x2
Cleave: a) +9 broad axe (holy)
Press: ? - help, Dir - move target, f/p - death cob
Aim: a death cob (severely damaged, haloed, about 22% to evade your +9 broad axe of holy wrath)
You closely miss the death cob.
The death cob is severely damaged.
You block the death cob's attack. x2
Cleave: a) +9 broad axe (holy)
Press: ? - help, Dir - move target, f/p - death cob
Aim: a death cob (severely damaged, haloed, about 22% to evade your +9 broad axe of holy wrath)
You carve the death cob like a ham!!!
You destroy the death cob!
The Shining One accepts your kill.
You reach down and open the door.
A yellow draconian, an Orb Guardian and a tentacled monstrosity come into view.
The yellow draconian roars!
The yellow draconian spits acid at you.
The glob of acid is repelled.
Found a plate armour.
You reach down and close the door.
Your surroundings suddenly seem different.
You block the tentacled monstrosity's attack. x4
You block the tentacled monstrosity's attack. x4
Aiming: Fastroot
Press: ? - help, Shift-Dir - straight line The roots erupt in riotous growth!
Roots grab the tentacled monstrosity.
The grasping roots constrict the tentacled monstrosity!
You hear a roar!
You block the tentacled monstrosity's attack. x4
The grasping roots constrict the tentacled monstrosity!
The tentacled monstrosity struggles to escape constriction.
An ice devil comes into view.
The roots lose their grip on something.
You reach down and open the door.
The tentacled monstrosity attacks as it pursues you!
The tentacled monstrosity tentacle-slaps you but does no damage.
You block the tentacled monstrosity's attack. x3
There is an open door here.
Aiming: Fastroot
Press: ? - help, Shift-Dir - straight line, f - tentacled monstrosity
Aim: a tentacled monstrosity (lightly wounded, haloed)
The roots erupt in riotous growth!
Roots grab the tentacled monstrosity.
The grasping roots constrict the tentacled monstrosity!
You block the tentacled monstrosity's attack. x4
The grasping roots constrict the tentacled monstrosity!!
The tentacled monstrosity struggles to escape constriction.
The roots lose their grip on something.
There is a gate leading back out of this place here.
You fly up through the gate.
Welcome back to the Depths!
There is a gate to the Realm of Zot here.
Things that are here:
+0 gold dragon scales; a +0 scimitar; a golden dragon skeleton
There is an open door here.
You see here a +3 scimitar.
There is an open door, spattered with blood here.
There is a stone staircase leading up here.
You fly upwards.
There is a stone staircase leading down here.
The necromancer shouts!
You hear a shout!
A brown very ugly thing comes into view.
The brown very ugly thing gurgles horribly!
You hear a horrible gurgling sound! x2
The brown ugly thing gurgles horribly!
The necromancer points at you and mumbles some strange words.
You resist with almost no effort.
The necromancer casts a spell.
The necromancer binds the souls of nearby monsters.
The hell knight shouts! x2
The necromancer casts a spell.
The necromancer binds the souls of nearby monsters.
The brown very ugly thing gurgles horribly!
You hear a deafening roar!
The hell knight prays to its god.
The hell knight seems to speed up.
You block the necromancer's attack.
You block the brown very ugly thing's attack.
The brown very ugly thing engulfs you but does no damage.
The hell knight shouts!
You block the hell knight's attack.
The brown very ugly thing attacks as it pursues you!
You block the brown very ugly thing's attack.
The necromancer attacks as it pursues you!
You block the necromancer's attack. x2; The necromancer barely misses you.
You block the hell knight's attack.
You block the brown very ugly thing's attack.
The brown very ugly thing basks in the mutagenic energy from its kin and changes!
The hell knight prays to its god.
The hell knight seems to speed up.
You block the hell knight's attack.
The hell knight attacks as it pursues you!
You block the hell knight's attack.
The hell knight mumbles some strange prayers to its god.
The hell knight seems to speed up.
The necromancer attacks as it pursues you!
You block the necromancer's attack.
The necromancer shouts!
The hell knight invokes the aid of its god against you.
The bolt of fire hits you but does no damage.
You block the hell knight's attack.
Aiming: Fastroot
Press: ? - help, Shift-Dir - straight line, f - iron dragon
Aim: an iron dragon (soul bound, haloed)
The roots erupt in riotous growth!
Roots grab the iron dragon.
Roots grab the hell knight. x2
Roots grab the necromancer.
Roots grab the hell knight.
Roots grab the brown very ugly thing.
The grasping roots constrict the brown very ugly thing.
The grasping roots constrict the iron dragon.
The grasping roots constrict the hell knight. x3
The grasping roots constrict the necromancer!
You hear a shout!
You block the hell knight's attack. x2
The necromancer casts a spell at you. You resist with almost no effort.
You block the brown very ugly thing's attack.
The hell knight struggles to escape constriction.
The iron dragon breathes metal splinters at you.
You block the spray of metal splinters... and reflect it back!
The spray of metal splinters hits the iron dragon but does no damage.
The grasping roots constrict the brown very ugly thing!
The grasping roots constrict the iron dragon!
The grasping roots constrict the hell knight! x2
The grasping roots constrict the hell knight!!
The grasping roots constrict the necromancer!!
The brown very ugly thing's soul is no longer bound.
The hell knight struggles to escape constriction. x2
The necromancer struggles to escape constriction.
The hell knight struggles to escape constriction.
You block the brown very ugly thing's attack.
The iron dragon struggles to escape constriction.
There is a stone staircase leading up here.
The roots release their grip on the brown very ugly thing.
The roots release their grip on the iron dragon.
The roots release their grip on the hell knight. x3
The roots release their grip on the necromancer.
The cyan very ugly thing's soul is no longer bound.
The hell knight's soul is no longer bound.
The necromancer gestures at you while chanting.
The bolt of negative energy hits you but does no damage.
You resist.
You block the brown very ugly thing's attack.
The necromancer gestures wildly while chanting.
The necromancer binds the souls of nearby monsters.
You block the hell knight's attack.
You fly upwards.
There is a stone staircase leading down here.
Cleave: a) +9 broad axe (holy)
Press: ? - help, Dir - move target, f - brown very ugly thing
Aim: a brown very ugly thing (lightly wounded, soul bound, haloed, about 13% to evade your +9 broad axe of holy wrath)
You slash the brown very ugly thing!
The brown very ugly thing is lightly wounded.
You slice the brown very ugly thing!!
You block the brown very ugly thing's attack. x2
Cleave: a) +9 broad axe (holy)
Press: ? - help, Dir - move target, f/p - brown very ugly thing
Aim: a brown very ugly thing (lightly wounded, soul bound, haloed, about 13% to evade your +9 broad axe of holy wrath)
You slice the brown very ugly thing!!
The brown very ugly thing is heavily wounded.
You hit the brown very ugly thing.
You block the brown very ugly thing's attack. x2
Cleave: a) +9 broad axe (holy)
Press: ? - help, Dir - move target, f/p - brown very ugly thing
Aim: a brown very ugly thing (heavily wounded, soul bound, haloed, about 13% to evade your +9 broad axe of holy wrath)
You hit the brown very ugly thing.
The brown very ugly thing is heavily wounded.
You hit the brown very ugly thing but do no damage.
Cleave: a) +9 broad axe (holy)
Press: ? - help, Dir - move target, f/p - brown very ugly thing
Aim: a brown very ugly thing (heavily wounded, soul bound, haloed, about 13% to evade your +9 broad axe of holy wrath)
You slash the brown very ugly thing!
The brown very ugly thing is severely wounded.
You slash the brown very ugly thing!
You block the brown very ugly thing's attack. x2
Cleave: a) +9 broad axe (holy)
Press: ? - help, Dir - move target, f/p - brown very ugly thing
Aim: a brown very ugly thing (severely wounded, soul bound, haloed, about 13% to evade your +9 broad axe of holy wrath)
You carve the brown very ugly thing like a ham!!!
You kill the brown very ugly thing!
You barely miss the brown very ugly thing.
A freezing mist starts to gather...
A very ugly thing simulacrum comes into view.
You block the brown very ugly thing's attack.
Training target 24.0 for Armour reached!
Your Armour skill increases to level 24!
Cleave: a) +9 broad axe (holy)
Press: ? - help, Dir - move target, f - brown very ugly thing
Aim: a brown very ugly thing (moderately wounded, soul bound, haloed, about 13% to evade your +9 broad axe of holy wrath)
You slice the brown very ugly thing!!
The brown very ugly thing is heavily wounded.
The brown very ugly thing's soul is no longer bound.
You block the brown very ugly thing's attack.
You slice the brown very ugly thing like a ripe choko!!!
The brown very ugly thing is almost dead.
You hit the very ugly thing simulacrum.
The very ugly thing simulacrum convulses.
You block the very ugly thing simulacrum's attack.
You slash the brown very ugly thing!
You kill the brown very ugly thing!
You cut the very ugly thing simulacrum into ribbons!!!
The very ugly thing simulacrum convulses!!
The very ugly thing simulacrum vaporises!
Training target 24.0 for Shields reached!
Your Shields skill increases to level 24!
You need to enable at least one skill for training.
There is an open door here.
There is an open door here.
There is an escape hatch in the ceiling here.
A mysterious force pulls you upwards. The hatch slams shut behind you.
Your divine shield fades away.
Found a scroll of identify.
A reaper comes into view. It is wielding a +1 scythe of flaming.
You block the reaper's attack.
There is a staircase back to the Dungeon here.
You fly upwards.
Welcome back to the Dungeon!
There is a staircase to the Depths here.
Items here: ) [ ÷÷.
You see here a +2 scimitar of flaming.
Louise the Corrupted comes into view.
She is wielding a +1 eveningstar of holy wrath.
Something unseen opens the large door.
Press: ? - help, v - describe, . - travel The floor.
This square is lit by a halo and is covered in magical glow.
Press: ? - help, . - travel You can't see that place. [the floor.]
There is a stone staircase leading up here.
You fly upwards.
There is a stone staircase leading down here.
An Orb Guardian comes into view.
There is a stone staircase leading up here.
Cleave: a) +9 broad axe (holy)
Press: ? - help, Dir - move target, f - Orb Guardian
Aim: an Orb Guardian (haloed, about 18% to evade your +9 broad axe of holy wrath)
You completely miss the Orb Guardian. You block the Orb Guardian's attack.
Cleave: a) +9 broad axe (holy)
Press: ? - help, Dir - move target, f/p - Orb Guardian
Aim: an Orb Guardian (haloed, about 18% to evade your +9 broad axe of holy wrath)
You slice the Orb Guardian!!
The Orb Guardian is moderately wounded.
You block the Orb Guardian's attack.
Cleave: a) +9 broad axe (holy)
Press: ? - help, Dir - move target, f/p - Orb Guardian
Aim: an Orb Guardian (moderately wounded, haloed, about 18% to evade your +9 broad axe of holy wrath)
You slash the Orb Guardian!
The Orb Guardian is moderately wounded.
You block the Orb Guardian's attack.
Cleave: a) +9 broad axe (holy)
Press: ? - help, Dir - move target, f/p - Orb Guardian
Aim: an Orb Guardian (moderately wounded, haloed, about 18% to evade your +9 broad axe of holy wrath)
You slash the Orb Guardian!
The Orb Guardian is heavily wounded.
You block the Orb Guardian's attack.
Cleave: a) +9 broad axe (holy)
Press: ? - help, Dir - move target, f/p - Orb Guardian
Aim: an Orb Guardian (heavily wounded, haloed, about 18% to evade your +9 broad axe of holy wrath)
You hit the Orb Guardian.
The Orb Guardian is heavily wounded.
The Orb Guardian hits you but does no damage.
Cleave: a) +9 broad axe (holy)
Press: ? - help, Dir - move target, f/p - Orb Guardian
Aim: an Orb Guardian (heavily wounded, haloed, about 18% to evade your +9 broad axe of holy wrath)
You hit the Orb Guardian.
The Orb Guardian is heavily wounded.
You block the Orb Guardian's attack.
Cleave: a) +9 broad axe (holy)
Press: ? - help, Dir - move target, f/p - Orb Guardian
Aim: an Orb Guardian (heavily wounded, haloed, about 18% to evade your +9 broad axe of holy wrath)
You slice the Orb Guardian!!
The Orb Guardian is almost dead.
You block the Orb Guardian's attack.
Cleave: a) +9 broad axe (holy)
Press: ? - help, Dir - move target, f/p - Orb Guardian
Aim: an Orb Guardian (almost dead, haloed, about 18% to evade your +9 broad axe of holy wrath)
You slice the Orb Guardian!!
You kill the Orb Guardian!
Your Stealth skill increases to level 1!
You fly upwards.
There is a stone staircase leading down here.
Aiming: Dig
Press: ? - help, Shift-Dir - straight line This square is lit by a halo and is covered in magical glow.
Okay, then.
Aiming: Dig
Press: ? - help, Shift-Dir - straight line A rock wall.
This square is lit by a halo and is covered in magical glow.
The rock shatters into small pieces.
Aiming: Dig
Press: ? - help, Shift-Dir - straight line A rock wall.
This square is lit by a halo and is covered in magical glow.
The rock shatters into small pieces.
There is a stone staircase leading up here.
You fly upwards.
There is a stone staircase leading down here.
A Brimstone Fiend comes into view.
The Brimstone Fiend gestures at you.
The sphere of damnation explodes!
The damnation engulfs you!!!
Press: ? - help, v - describe, . - travel The floor.
This square is lit by a halo.
There is a fountain of clear blue water here.
As you read the scroll of fog, it dissolves into smoke.
Aiming: Dig
Press: ? - help, Shift-Dir - straight line You can't see that place. [the floor.]
Okay, then.
Aiming: Dig
Press: ? - help, Shift-Dir - straight line You can't see that place. [the floor.]
The rock shatters into small pieces.
There is an open door here.
There is a stone staircase leading up here.
You fly upwards.
There is a stone staircase leading down here.
There is a stone staircase leading up here.
HP restored.
You fly upwards.
There is a stone staircase leading down here.
There is an escape hatch in the floor here.
There is a stone staircase leading up here.
You fly upwards.
There is a stone staircase leading down here.
You see here a +2 short sword of protection.
There is an open door here.
There is an open door here.
There is an open door here.
There is a stone staircase leading up here.
You fly upwards.
There is a stone staircase leading down here.
There is a stone staircase leading up here.
You fly upwards.
There is a stone staircase leading down here.
There is a stone staircase leading up here.
You fly upwards.
There is a stone staircase leading down here.
There is a stone staircase leading up here.
You fly upwards.
There is a stone staircase leading down here.
You see here a +0 ring mail.
There is a stone staircase leading up here.
You fly upwards.
There is a stone staircase leading down here.
Aiming: Dig
Press: ? - help, Shift-Dir - straight line You can't see that place. [a rock wall.]
The rock shatters into small pieces.
An Orb Guardian comes into view.
You block the Orb Guardian's attack. x2
You block the Orb Guardian's attack. You block the Orb Guardian's attack.
The Orb Guardian attacks as it pursues you!
You block the Orb Guardian's attack.
The Orb Guardian attacks as it pursues you!
The Orb Guardian barely misses you. You block the Orb Guardian's attack.
Aiming: Fastroot
Press: ? - help, Shift-Dir - straight line, f - Orb Guardian
Aim: an Orb Guardian (haloed)
The roots erupt in riotous growth!
Roots grab the Orb Guardian.
The grasping roots constrict the Orb Guardian!
You block the Orb Guardian's attack.
The grasping roots constrict the Orb Guardian!
The Orb Guardian struggles to escape constriction.
The grasping roots constrict the Orb Guardian!
The Orb Guardian escapes!
Aiming: Fastroot
Press: ? - help, Shift-Dir - straight line, f/p - Orb Guardian
Aim: an Orb Guardian (moderately wounded, haloed)
The roots erupt in riotous growth!
Roots grab the Orb Guardian.
The grasping roots constrict the Orb Guardian!
You block the Orb Guardian's attack.
The grasping roots constrict the Orb Guardian!
The Orb Guardian struggles to escape constriction.
The Orb Guardian escapes!
You slice the Orb Guardian like a ripe choko!!!
You kill the Orb Guardian!
Your Stealth skill increases to level 2!
There is a stone staircase leading up here.
You fly upwards.
There is a stone staircase leading down here.
Aiming: Dig
Press: ? - help, Shift-Dir - straight line A rock wall.
This square is lit by a halo and is covered in magical glow.
The rock shatters into small pieces.
There is a stone staircase leading up here.
You fly upwards.
There is a stone staircase leading down here.
Aiming: Dig
Press: ? - help, Shift-Dir - straight line You can't see that place.
The rock shatters into small pieces.
A hellwing comes into view.
You hit the hellwing.
The hellwing convulses.
The hellwing is moderately wounded.
You block the hellwing's attack.
The hellwing hits you but does no damage.
You block the hellwing's attack. x2
There is a stone staircase leading up here.
Cleave: a) +9 broad axe (holy)
Press: ? - help, Dir - move target, f - hellwing
Aim: a hellwing (moderately wounded, haloed, about 13% to evade your +9 broad axe of holy wrath)
You slash the hellwing!
The hellwing convulses!
The hellwing is almost dead.
Cleave: a) +9 broad axe (holy)
Press: ? - help, Dir - move target, f/p - hellwing
Aim: a hellwing (almost dead, haloed, about 13% to evade your +9 broad axe of holy wrath)
You slash the hellwing!
You kill the hellwing!
The Shining One accepts your kill.
You fly upwards.
There is a stone staircase leading down here.
Items here: ) ÷÷÷.
There is an open door here.
There is an open door here.
Aiming: Dig
Press: ? - help, Shift-Dir - straight line You can't see that place. [the floor.]
The rock shatters into small pieces.
A chaos spawn comes into view.
You block the chaos spawn's attack. You block the chaos spawn's attack.
The chaos spawn attacks as it pursues you!
You block the chaos spawn's attack.
A soul eater comes into view.
The soul eater moves out of view.
The chaos spawn attacks as it pursues you!
The chaos spawn trunk-slaps you but does no damage.
Aiming: Dig
Press: ? - help, Shift-Dir - straight line You can't see that place. [a staircase leading out of the dungeon.]
The rock shatters into small pieces.
You block the chaos spawn's attack.
The chaos spawn attacks as it pursues you!
You block the chaos spawn's attack.
The chaos spawn attacks as it pursues you!
You block the chaos spawn's attack.
There is an escape hatch in the floor here.
An orange demon comes into view.
There is a staircase leading out of the dungeon here.
Okay, then.
The chaos spawn misses you.
You have escaped!

######.###.#####..# . #.#
#..##..# #.# ##.'...##...##...#
#.# ###4.## ........# ..#
#...###.......## #. ### #.#....#
...#....# #. #.##...###..#.##.###
#. #..#....##......... .#. #
#.##..@4.##..#.#.###.#. #
#.>##...>..3.#...)...#. #
#...##..####..##...###.
###########...##....###..3.......
...............###### #.##...####
.#############.# #.#....#### .#
#.........# #.#........ .#
#.######### #.#.#.#...# .# #.#
#...# #.#.#......


You could see a soul eater, an orange demon and a chaos spawn.

Vanquished Creatures
  Cerebov (Pan)
  Asmodeus (Geh:7)
  Gloorx Vloq (Pan)
  the Royal Jelly (Slime:5)
  Ereshkigal (Tar:7)
  Mnoleg (Pan)
  the Serpent of Hell (Geh:7)
  Lom Lobon (Pan)
  8 dread liches
  3 pandemonium lords (Pan)
  Mennas (Vaults:3)
  2 orbs of fire (Zot:5)
  7 ancient liches
  29 royal mummies
  15 shard shrikes (Coc:7)
  A curse toe (Crypt:3)
  7 Killer Klowns (Zot:5)
  Saint Roka (Elf:3)
  11 caustic shrikes
  Geryon (Hell)
  3 golden dragons
  Norris (Vaults:1)
  3 bone dragons
  2 profane servitors
  A pearl dragon (Pan)
  5 iron giants
  9 Tzitzimimeh
  4 doom hounds
  2 electric golems
  5 Brimstone Fiends
  3 hellephants
  16 Hell Sentinels
  22 Orb Guardians
  21 Ice Fiends
  12 tentacled monstrosities
  7 liches
  Rupert (D:13)
  5 tainted leviathans
  16 titans
  17 sphinxes
  2 deep elf blademasters (Elf:3)
  5 deep elf master archers
  5 death cobs
  12 searing wretches
  14 Executioners (Pan)
  18 acid blobs
  6 tentacled starspawn
  13 ancient champions
  A kraken (Shoals:2)
  2 thorn hunters (WizLab)
  6 revenants
  7 shadow dragons
  Aizul (Shoals:1)
  3 fenstrider witches
  8 storm dragons
  Donald (Elf:1)
  4 azure jellies
  4 tengu reavers
  7 protean progenitors
  A draconian knight (Depths:4)
  6 narguns
  5 frost giants
  7 rockslimes
  2 nagarajas
  5 daevas (Pan)
  3 draconian monks
  A draconian scorcher (Zot:3)
  6 shard shrike simulacra
  7 quicksilver elementals
  23 balrugs
  A draconian shifter (Zot:3)
  9 vault wardens
  14 fire giants
  7 demonspawn warmongers (Pan)
  4 deep elf elementalists
  A ghost moth (Spider:4)
  6 iron dragons
  4 curse skulls
  An emperor scorpion (Spider:2)
  3 deep elf sorcerers (Elf:3)
  A caustic shrike zombie (Hell)
  A spectral caustic shrike (Tar:3)
  A spectral juggernaut (Tar:6)
  2 draconian stormcallers
  5 ghouls
  10 ironbound preservers
  7 cacodemons (Pan)
  21 reapers
  4 draconian annihilators
  6 quicksilver oozes
  4 demonspawn blood saints (Pan)
  7 broodmothers
  5 vampire knights
  7 juggernaut skeletons
  A caustic shrike skeleton (Depths:2)
  21 elemental wellsprings
  5 ironbound thunderhulks
  16 very ugly things
  9 stone giants
  An eleionoma (WizLab)
  7 green draconians
  An ophan (Pan)
  7 deep elf demonologists
  4 apis (Pan)
  8 demonspawn black suns (Pan)
  6 black draconians
  6 deep elf death magi
  14 war gargoyles
  A halazid warlock (Desolation)
  5 deep elf annihilators
  Nessos (D:14)
  5 white draconians
  A purple draconian (Zot:2)
  3 spark wasps
  3 minotaurs
  A yellow draconian (Zot:3)
  6 bennus
  3 red draconians
  9 dire elephants
  6 lorocyprocas (Pan)
  7 putrid mouths
  16 wendigos
  7 eidola
  7 ettins
  3 spectral spriggans
  28 mummy priests
  Josephine (D:14)
  A merfolk javelineer (Shoals:4)
  3 merfolk impalers
  A crystal guardian (Desolation)
  A quicksilver dragon zombie (Crypt:2)
  4 green deaths
  4 jiangshi
  2 shambling mangroves (WizLab)
  A deep elf high priest (Vaults:5)
  10 yaktaur captains
  8 entropy weavers
  4 fire dragons
  6 iron golems
  6 blizzard demons
  2 ragged hierophants (Desolation)
  35 vault guards
  4 great orbs of eyes
  Erolcha (Orc:1)
  6 spriggan skeletons
  A quicksilver dragon skeleton (Crypt:1)
  4 rakshasas
  4 ice dragons
  4 hell beasts
  7 caustic shrike simulacra
  A sphinx zombie (Hell)
  6 hydras
  4 peacekeepers (Desolation)
  16 salamander tyrants
  3 servants of whispers (Desolation)
  An ogre mage (Vaults:5)
  2 jorogumos (Pan)
  12 juggernaut simulacra
  4 ironbound frosthearts
  2 death knights
  2 merfolk avatars
  4 radroaches
  A merfolk aquamancer (Shoals:4)
  13 satyrs
  10 deep troll shamans
  An alligator snapping turtle (Shoals:2)
  3 two-headed ogres
  16 dancing weapons
  2 anacondas
  11 centaur warriors
  3 stokers
  10 deep troll earth magi
  4 tengu warriors
  A boulder beetle (Vaults:2)
  A bennu skeleton (Crypt:2)
  5 vampire magi
  3 naga warriors (Zig:6)
  68 death scarabs
  4 demonic crawlers
  3 spriggan berserkers
  6 death yaks (Lair:5)
  4 naga sharpshooters
  A shock serpent (Zig:5)
  2 titan zombies (Hell)
  5 orc high priests
  5 thrashing horrors
  3 deep elf knights
  27 hell hogs
  An occultist (Depths:3)
  10 soul eaters
  23 sun demons
  3 hellephant skeletons (Pan)
  Sonja (Orc:2)
  16 iron trolls
  3 hell knights
  7 crystal echidnas
  9 skysharks
  6 sixfirhies (Pan)
  6 wretched stars
  Amaemon (Lair:1)
  41 skeletal warriors
  3 pharaoh ants
  A shadow wraith (Tar:6)
  42 deep trolls
  3 salamander mystics
  A flayed ghost (Crypt:3)
  An obsidian statue (Zig:5)
  6 glowing orange brains
  9 shadow demons (Pan)
  A storm dragon skeleton (Depths:2)
  A golden dragon zombie (Hell)
  9 sea snakes
  An anaconda zombie (Tomb:2)
  A shadow dragon zombie (Hell)
  3 orb spiders
  A spectral iron dragon (Tar:3)
  2 naga ritualists
  7 sun moths (Pan)
  4 arcanists
  14 ironbound convokers
  3 golden dragon skeletons (Depths:2)
  A bunyip skeleton (Tomb:3)
  An orange crystal statue (Zig:5)
  12 deep elf archers
  A swamp dragon (Lair:5)
  18 deep elf pyromancers
  8 steelbarb worms
  14 deep elf zephyrmancers
  5 necromancers
  5 lindwurms
  8 phantasmal warriors
  28 harpies
  8 starcursed masses
  7 orc knights
  4 bog bodies
  7 orc sorcerers
  9 wolf spiders
  2 frost giant zombies (Hell)
  An oklob plant (WizLab)
  A shadow dragon skeleton (Depths:2)
  An iron dragon zombie (Hell)
  A shining eye (shapeshifter) (Elf:1)
  3 tengu skeletons (Depths:2)
  13 ugly things
  28 fauns
  A manticore (shapeshifter) (Vaults:5)
  13 large abominations
  2 cyclopes
  A spectral centaur (Tar:1)
  An iron dragon skeleton (Depths:2)
  11 moths of wrath
  2 salamanders
  26 manticores
  2 stone giant skeletons
  13 elephants
  A fire giant zombie (Hell)
  3 frost giant skeletons (Depths:2)
  32 slime creatures
  8 torpor snails
  A meliai (shapeshifter) (Vaults:5)
  3 ice statues
  6 molten gargoyles
  7 water nymphs
  5 kobold blastminers
  8 merfolk sirens
  4 rust devils (Hell)
  A dire elephant zombie (Tomb:3)
  An eye of devastation (shapeshifter) (Vaults:5)
  4 titan simulacra
  17 vault sentinels
  7 orange demons
  2 centaur skeletons (Tomb:3)
  5 black mambas
  3 guardian serpents (Desolation)
  An apocalypse crab (Zig:7)
  12 cane toads
  2 eyes of devastation (Slime:5)
  6 gargoyles
  A kobold demonologist (D:9)
  15 smoke demons
  2 storm dragon simulacra (Coc:1)
  A catoblepas zombie (Crypt:3)
  A rime drake (shapeshifter) (Vaults:5)
  2 naga skeletons
  A bunyip simulacrum (Hell)
  33 hellions
  A sea snake zombie (Crypt:3)
  13 yaktaurs
  7 efreet
  11 komodo dragons
  5 rime drakes
  3 iron giant simulacra
  12 tormentors
  An unseen horror zombie (Crypt:2)
  7 ice devils
  5 anaconda simulacra
  42 guardian mummies
  7 freezing wraiths
  An ancient zyme (Zig:7)
  4 trolls
  10 merfolk
  A sea snake skeleton (Crypt:2)
  A spectral harpy (Tar:2)
  An iron troll skeleton (Crypt:3)
  2 red devils (Pan)
  A silent spectre (Tar:6)
  10 hornets
  A golden dragon simulacrum (Coc:4)
  5 wind drakes
  7 hellwings
  20 tarantellas
  A glass eye (Slime:5)
  A tyrant leech (Zot:3)
  2 harpy skeletons
  Grinder (D:5)
  34 saltlings
  9 snapping turtles
  2 dream sheep (Shoals:1)
  A black mamba zombie (Tomb:2)
  An ettin zombie (Tomb:3)
  8 spriggan zombies (Hell)
  19 jumping spiders
  13 culicivoras
  7 dire elephant simulacra
  17 ynoxinuls (Pan)
  4 centaur simulacra
  3 naga simulacra
  2 stone giant simulacra (Coc:3)
  2 air elementals
  An ettin skeleton (Depths:2)
  A spriggan (shapeshifter) (Abyss:2)
  2 spriggans (Depths:4)
  2 shadows (Gauntlet)
  66 yaks
  Grum (D:8)
  A fire elemental (Elf:2)
  6 water elementals
  12 wraiths
  6 wyverns
  An orc simulacrum (Crypt:2)
  2 fire bats (Pan)
  A black mamba skeleton (Crypt:3)
  12 ushabtiu
  8 basilisks
  Eustachio (D:6)
  8 golden eyes
  A human (Lair:2)
  10 vampire mosquitoes
  A minotaur simulacrum (Hell)
  7 neqoxecs
  5 wargs
  35 redbacks
  6 steam dragons
  5 chaos spawn
  14 harpy simulacra
  A tengu zombie (Hell)
  3 naga zombies
  3 nagas (Zig:5)
  An acid dragon (Lair:5)
  Edmund (D:5)
  9 water moccasins
  2 hydra simulacra
  A hell hound (Depths:2)
  42 orc warriors
  A swamp drake (Lair:5)
  14 black bears
  4 ettin simulacra
  19 laughing skulls
  14 ogres
  20 wolves
  4 boggarts (Vaults:1)
  17 centaurs
  7 kobold brigands
  5 brain worms (Pan)
  2 fire crab zombies (Crypt:3)
  A draconian zombie (Crypt:3)
  A gnoll sergeant (D:4)
  6 bullfrogs
  A komodo dragon skeleton (Crypt:3)
  2 scorpions (D:5)
  A water moccasin zombie (Crypt:2)
  2 earth elementals
  2 small abominations (Abyss:1)
  3 wights (D:6)
  3 lindwurm simulacra (IceCv)
  A raiju zombie (Crypt:1)
  A swamp dragon simulacrum (Coc:1)
  13 killer bees
  A wolf zombie (Crypt:1)
  7 howler monkeys
  A bombardier beetle (D:5)
  A bullfrog zombie (Crypt:1)
  2 komodo dragon simulacra (IceCv)
  18 orc priests
  A wyvern simulacrum (Gauntlet)
  4 hounds
  4 jellies
  A human skeleton (Crypt:2)
  Crazy Yiuf (D:5)
  9 iguanas
  24 orc wizards
  A sleepcap (D:6)
  7 hell rats (Hell)
  2 troll simulacra (D:11)
  3 spriggan simulacra
  A killer bee zombie (Crypt:1)
  A boggart simulacrum (D:14)
  37 mummies
  6 acid dragon simulacra (IceCv)
  7 gnolls
  4 adders
  A swamp drake skeleton (Crypt:3)
  3 white imps
  A steam dragon simulacrum (IceCv)
  4 dart slugs
  89 orcs
  3 ball pythons
  A bat skeleton (Crypt:2)
  A bat zombie (Crypt:2)
  3 endoplasms
  6 giant cockroaches
  4 goblins
  12 hobgoblins
  2 quokkas
  3 bats
  A frilled lizard (D:1)
  28 kobolds
  2 rats
  An aspiring flesh (Zot:2)
  2 ball lightnings (Pan)
  A creeping inferno (Geh:2)
  A fire vortex (Geh:2)
  A spectral weapon (Zot:5)
  3 starspawn tentacles
  4 tentacles (Shoals:2)
2912 creatures vanquished.

Vanquished Creatures (collateral kills)
  Antaeus (Coc:7)
  Dispater (Dis:7)
  2 ancient liches
  The ghost of Endbringerleviathan the Sorcerer, a legendary NaFE of Gozag (Zot:3)
  Sojobo (Crypt:3)
  3 royal mummies (Tomb:1)
  3 caustic shrikes (Dis:7)
  An electric golem (Zot:5)
  An iron giant (Dis:7)
  A Hell Sentinel (Dis:7)
  A tainted leviathan (Tar:7)
  Mlioglotl (Spider:1)
  A tentacled monstrosity (Zot:3)
  A lich (Crypt:3)
  4 Orb Guardians (Zot:5)
  An Executioner (Pan)
  An ancient champion (Zig:9)
  4 acid blobs (Slime:5)
  A death cob (Zot:3)
  2 titans
  2 storm dragons (Vaults:5)
  4 shadow dragons
  3 tengu reavers
  2 draconian monks (Zot:3)
  A daeva (Pan)
  A protean progenitor (Pan)
  A rockslime (Slime:1)
  2 quicksilver elementals
  2 vault wardens (Vaults:5)
  2 narguns (Coc:7)
  A ghost moth (Spider:1)
  An imperial myrmidon (Desolation)
  A balrug (Geh:7)
  A cacodemon (Pan)
  A quicksilver ooze (Slime:5)
  The ghost of MrDizzy the Fighter, a journeyman DsEE of Gozag (D:14)
  An ironbound preserver (Vaults:5)
  6 apis (Pan)
  2 ironbound thunderhulks (Vaults:1)
  A white draconian (Zot:3)
  2 caustic shrike skeletons (Pan)
  2 wendigos (Coc:7)
  A deep elf annihilator (Vaults:5)
  A spark wasp (Spider:2)
  A halazid warlock (Desolation)
  2 crystal guardians (Desolation)
  A jiangshi (Crypt:3)
  3 mummy priests (Tomb:1)
  3 entropy weavers
  A ragged hierophant (Desolation)
  5 great orbs of eyes
  A servant of whispers (Desolation)
  An ogre mage (D:15)
  A radroach (Spider:4)
  4 peacekeepers (Desolation)
  4 two-headed ogres (D:15)
  2 boulder beetles
  An occultist (Volcano)
  An orc high priest (Orc:2)
  A demonic crawler (Spider:2)
  A sun demon (Pan)
  A crystal echidna (Zig:9)
  2 pharaoh ants (Spider:2)
  A sun moth (Spider:4)
  A cherub (Pan)
  3 shadow demons (Pan)
  4 steelbarb worms
  6 orb spiders
  4 orc knights
  An obsidian statue (Zot:3)
  3 ironbound convokers
  2 phantasmal warriors (Vaults:5)
  5 harpies (Vaults:5)
  An ugly thing (D:13)
  A shadow dragon skeleton (Vaults:5)
  An orc sorcerer (Orc:2)
  5 wolf spiders
  A deep elf pyromancer (D:13)
  2 salamanders (Volcano)
  3 manticores
  5 fauns
  A cyclops (Volcano)
  2 shining eyes (Slime:5)
  A human zombie (Vaults:5)
  A moth of wrath (Zot:3)
  A large abomination (Pan)
  3 guardian serpents (Desolation)
  2 merfolk sirens
  A water nymph (Shoals:3)
  4 torpor snails
  A vault sentinel (Vaults:5)
  An eye of devastation (Slime:5)
  2 smoke demons (Pan)
  An ice statue (Coc:7)
  5 molten gargoyles
  An efreet (Pan)
  A hellion (Coc:7)
  A tormentor (Pan)
  3 guardian mummies
  A red devil (Pan)
  A troll (D:13)
  A tyrant leech (Zot:3)
  A merfolk (Shoals:4)
  12 tarantellas
  12 saltlings
  A snapping turtle (Shoals:3)
  7 jumping spiders
  7 culicivoras
  A ynoxinul (Pan)
  A culicivora (shapeshifter) (Vaults:5)
  7 slime creatures
  An elf zombie (Vaults:5)
  An ushabti (Tomb:1)
  2 water elementals (Shoals:4)
  2 neqoxecs (Pan)
  15 redbacks
  2 orc warriors
  2 orc priests
  A bullfrog skeleton (Crypt:3)
  3 orc wizards (Orc:2)
  4 mummies (Tomb:1)
  4 orcs
280 creatures vanquished.

Vanquished Creatures (others)
  A shard shrike (Coc:7)
  An Ice Fiend (Coc:7)
  2 eldritch tentacles
  A fenstrider witch (WizLab)
  2 shard shrike simulacra (Coc:7)
  A demonspawn blood saint (Pan)
  2 elemental wellsprings
  2 juggernaut simulacra (Coc:7)
  A peacekeeper (Desolation)
  8 death scarabs (Tomb:3)
  A crystal echidna (Zig:9)
  A quicksilver dragon simulacrum (Coc:7)
  2 spriggan simulacra
  2 anaconda simulacra
  2 guardian mummies (Tomb:3)
  6 saltlings (Desolation)
  A stone giant simulacrum (Coc:7)
  5 dire elephant simulacra
  A harpy simulacrum (Coc:2)
  An ettin simulacrum (Coc:2)
  A brain worm (Pan)
  A naga simulacrum (Coc:3)
  An orc wizard (Orc:2)
  4 mummies (Tomb:3)
  An orc (Orc:2)
  7 ball lightnings (Pan)
  12 starspawn tentacles
  4 tentacles (Shoals:2)
74 creatures vanquished.

Grand Total: 3266 creatures vanquished

Notes
Turn   | Place    | Note
-------+----------+-------------------------------------------
     0 | D:1      | jagoly the Gargoyle Monk began the quest for the Orb.
     0 | D:1      | Reached XP level 1. HP: 14/14 MP: 1/1
   325 | D:1      | Reached XP level 2. HP: 17/19 MP: 2/2
   447 | D:2      | Reached skill level 1 in Armour
   447 | D:2      | Reached XP level 3. HP: 16/23 MP: 3/3
   586 | D:2      | Found a faded altar of an unknown god.
   769 | D:3      | Found a white marble altar of Elyvilon.
   800 | D:3      | Reached XP level 4. HP: 19/29 MP: 4/4
   872 | D:3      | Noticed an air elemental
   876 | D:3      | Found a stormy altar of Qazlal.
   877 | D:3      | Noticed an earth elemental
   878 | D:3      | Noticed a water elemental
   878 | D:3      | Noticed a fire elemental
  1359 | D:5      | Entered Level 5 of the Dungeon
  1359 | D:5      | Noticed Edmund
  1362 | D:5      | Reached XP level 5. HP: 29/33 MP: 5/5
  1364 | D:5      | Killed Edmund
  1365 | D:5      | Reached XP level 6. HP: 29/39 MP: 6/6
  1487 | D:5      | Reached skill level 5 in Axes
  1487 | D:5      | Reached XP level 7. HP: 33/44 MP: 7/7
  1497 | D:5      | Reached skill level 5 in Fighting
  1527 | D:5      | Found a large runed translucent door.
  1528 | D:5      | Found a large runed translucent door.
  1528 | D:5      | Found a shimmering altar of Xom.
  1552 | D:5      | Identified the +6 short sword of Strategic Superiority
                  | {chaos, Str+4 Int+3 Dex+4}
  1616 | D:5      | Found a hide-covered altar of Uskayaw.
  1637 | D:5      | Found a staircase to the Ecumenical Temple.
  1647 | Temple   | Entered the Ecumenical Temple
  1683 | D:6      | Found a sparkling altar of Nemelex Xobeh.
  1949 | D:6      | Reached XP level 8. HP: 45/51 MP: 8/8
  2112 | D:7      | Reached skill level 5 in Armour
  2185 | D:6      | Reached XP level 9. HP: 14/56 MP: 9/9
  2275 | D:5      | Noticed Grinder
  2287 | D:5      | Paralysed by Grinder for 5 turns
  2292 | D:5      | Killed Grinder
  2843 | D:5      | Found a runed translucent door.
  2844 | D:5      | Noticed Crazy Yiuf
  2851 | D:5      | Killed Crazy Yiuf
  3374 | D:6      | Noticed Eustachio
  3382 | D:6      | Killed Eustachio
  3521 | D:6      | Found a glowing golden altar of the Shining One.
  3524 | D:6      | Became a worshipper of the Shining One
  3524 | D:6      | Reached * piety under the Shining One
  3524 | D:6      | Reached ** piety under the Shining One
  3731 | D:9      | Noticed a hornet
  3735 | D:9      | Killed a hornet
  3824 | D:8      | Found a sacrificial altar of Ru.
  3865 | D:8      | Reached skill level 10 in Axes
  3896 | D:8      | Found an opulent altar of Gozag.
  3907 | D:8      | Noticed Grum
  3913 | D:8      | Reached XP level 10. HP: 52/64 MP: 10/10
  3919 | D:8      | Killed Grum
  4143 | D:8      | Found a shimmering blue altar of Sif Muna.
  4291 | D:10     | Entered Level 10 of the Dungeon
  4432 | D:9      | Reached skill level 1 in Invocations
  4458 | D:9      | Found a staircase to the Lair.
  4576 | D:9      | Reached XP level 11. HP: 69/69 MP: 12/12
  4859 | D:9      | Found an ornate altar of the Wu Jian Council.
  4983 | D:11     | Reached *** piety under the Shining One
  4990 | D:11     | Found a frozen archway.
  5038 | IceCv    | Entered an ice cave
  5195 | IceCv    | Reached **** piety under the Shining One
  5419 | D:11     | Reached skill level 1 in Throwing
  5796 | D:10     | Noticed a manticore
  5808 | D:10     | Killed a manticore
  5828 | D:10     | Found a shimmering altar of Xom.
  6042 | D:10     | Found Aryow's Book Emporium.
  6252 | D:11     | Reached skill level 5 in Invocations
  6269 | D:11     | Found a staircase to the Orcish Mines.
  6370 | Lair:1   | Entered Level 1 of the Lair of Beasts
  6431 | Lair:2   | Reached XP level 12. HP: 74/76 MP: 14/16
  6438 | Lair:2   | Found a runed translucent door.
  6463 | Lair:2   | Reached ***** piety under the Shining One
  6563 | Lair:3   | Noticed a skyshark
  6595 | Lair:3   | Reached skill level 5 in Dodging
  6609 | Lair:3   | Killed a skyshark
  6634 | Lair:3   | Reached skill level 10 in Fighting
  6697 | Lair:3   | Found a dark tunnel.
  6742 | Volcano  | Entered a volcano
  6862 | Volcano  | Noticed an occultist
  6877 | Volcano  | Killed an occultist
  6906 | Volcano  | Noticed an orb of fire
  6945 | Volcano  | Noticed an orb of fire
  7000 | Volcano  | Reached XP level 13. HP: 72/83 MP: 18/18
  7125 | Lair:5   | Entered Level 5 of the Lair of Beasts
  7417 | Lair:2   | Found a hole to the Spider Nest.
  7583 | Lair:2   | Found an ornate altar of the Wu Jian Council.
  7612 | Lair:2   | Reached skill level 10 in Armour
  7658 | Lair:2   | Reached skill level 15 in Axes
  8003 | Lair:3   | Found a staircase to the Shoals.
  8168 | Lair:5   | Gained mutation: Your large and strong wings let you fly.
                  | [Gargoyle growth]
  8168 | Lair:5   | Reached XP level 14. HP: 37/91 MP: 20/20
  8185 | Lair:5   | Reached skill level 1 in Evocations
  8213 | Lair:5   | Identified the +2 robe "Zezugeucsi" {-Cast rPois rF++
                  | Regen+ Str+3}
  8460 | Lair:5   | Got an earthy gem with 2065 turns to spare
  8816 | Lair:4   | Reached skill level 10 in Invocations
  9292 | Orc:1    | Entered Level 1 of the Orcish Mines
  9300 | Orc:2    | Entered Level 2 of the Orcish Mines
  9384 | Orc:2    | Found a staircase to the Elven Halls.
  9386 | Orc:2    | Noticed Sonja
  9401 | Orc:2    | Killed Sonja
  9407 | Orc:2    | Found a flickering gateway to a bazaar.
  9424 | Bazaar   | Entered a bazaar
  9428 | Bazaar   | Found Punoh's Magic Scroll Boutique.
  9443 | Bazaar   | Found Ecom's General Store.
  9461 | Bazaar   | Found Caism's Book Boutique.
  9478 | Bazaar   | Found Yres's Jewellery Emporium.
  9499 | Bazaar   | Bought a scroll of acquirement for 468 gold pieces
  9499 | Bazaar   | Acquired 1180 gold pieces
  9501 | Bazaar   | Bought 3 scrolls of revelation for 202 gold pieces
  9501 | Bazaar   | Bought a scroll of teleportation for 27 gold pieces
  9501 | Bazaar   | Bought a scroll of noise for 9 gold pieces
  9501 | Bazaar   | Bought 2 scrolls of blinking for 135 gold pieces
  9517 | Bazaar   | Bought an amulet of regeneration for 300 gold pieces
  9517 | Bazaar   | Bought the ring "Xumamiuck" {rF+ Str+6 Int+2} for 542 gold
                  | pieces
  9530 | Bazaar   | Bought a ring of willpower for 250 gold pieces
  9823 | Orc:2    | Found Ziyrif's Distillery.
  9834 | Orc:2    | Found Tepigeh's Magic Scroll Emporium.
  9845 | Orc:2    | Found Goatoof's Antique Weapon Emporium.
  9849 | Orc:2    | Found Wuhyrou's General Store.
  9875 | Orc:2    | Bought a scroll of immolation for 52 gold pieces
  9875 | Orc:2    | Bought a scroll of teleportation for 39 gold pieces
  9885 | Orc:2    | Bought a scroll of butterflies for 56 gold pieces
  9885 | Orc:2    | Bought a scroll of silence for 133 gold pieces
  9887 | Orc:2    | Bought a potion of heal wounds for 70 gold pieces
  9887 | Orc:2    | Bought a potion of heal wounds for 70 gold pieces
  9887 | Orc:2    | Bought a potion of ambrosia for 112 gold pieces
  9887 | Orc:2    | Bought a potion of curing for 42 gold pieces
 10054 | Orc:1    | Found Dociarit's Antique Armour Boutique.
 10084 | Orc:1    | Noticed Erolcha
 10092 | Orc:1    | Killed Erolcha
 10656 | D:13     | Reached XP level 15. HP: 96/97 MP: 22/22
 10672 | D:13     | Noticed Rupert
 10682 | D:13     | Reached skill level 5 in Evocations
 10688 | D:13     | Killed Rupert
 10778 | D:13     | Found a gate leading to a gauntlet.
 10793 | D:13     | Found Kidunk's Book Shop.
 10831 | Gauntlet | Entered a Gauntlet
 10831 | Gauntlet | Found a transporter.
 10831 | Gauntlet | Found a transporter.
 10831 | Gauntlet | Found a runed translucent door.
 10831 | Gauntlet | Found a runed translucent door.
 10833 | Gauntlet | Found a transporter.
 10833 | Gauntlet | Found a transporter.
 10849 | Gauntlet | Found a transporter.
 10858 | Gauntlet | Found a transporter.
 10861 | Gauntlet | Found a transporter.
 10872 | Gauntlet | Found a transporter.
 10884 | Gauntlet | Found a runed translucent door.
 10885 | Gauntlet | Found a transporter.
 10886 | Gauntlet | Found a runed translucent door.
 10899 | Gauntlet | Found a transporter.
 10903 | Gauntlet | Found a transporter.
 10911 | Gauntlet | Found a transporter.
 10974 | Gauntlet | Identified the +3 hand axe of Ru's Approval {protect, rC+
                  | Int+2}
 10978 | Gauntlet | Acquired 853 gold pieces
 11008 | Gauntlet | Identified the ring of Pomus {MP+9 Stlth+}
 11080 | Gauntlet | Reached ****** piety under the Shining One
 11092 | Gauntlet | Identified the +3 kite shield "Waefyg" {Will+}
 11476 | D:14     | Noticed Nessos
 11487 | D:14     | Killed Nessos
 11552 | D:15     | Entered Level 15 of the Dungeon
 11694 | D:14     | Found a runed translucent gate.
 11711 | D:14     | Noticed MrDizzy's ghost (journeyman DsEE)
 11712 | D:14     | Found a runed translucent gate.
 11712 | D:14     | Found a runed translucent gate.
 11730 | D:14     | Killed MrDizzy's ghost
 11758 | D:14     | Identified the +2 leather armour "Kuvvy" {rN++ rCorr Dex+3}
 11760 | D:14     | Identified the +0 hat of Ossasale {rN++ Int-4 Dex+8 Stlth-}
 11967 | D:14     | You are sucked into a shaft and drop 1 floor!
 12090 | D:14     | Noticed Josephine
 12099 | D:14     | Killed Josephine
 12314 | Lair:1   | Noticed Amaemon
 12324 | Lair:1   | Killed Amaemon
 12365 | Spider:1 | Entered Level 1 of the Spider Nest
 12387 | Spider:1 | Noticed Mlioglotl
 12391 | Spider:1 | Reached XP level 16. HP: 62/104 MP: 15/24
 12396 | Spider:1 | Killed Mlioglotl
 12766 | Spider:4 | Entered Level 4 of the Spider Nest
 13063 | Spider:3 | Reached skill level 5 in Throwing
 13113 | Spider:4 | Reached XP level 17. HP: 111/111 MP: 26/26
 13364 | Spider:4 | Got a gossamer rune of Zot
 13405 | Spider:4 | Got a milky-white gem with 1359 turns to spare
 13737 | Shoals:1 | Entered Level 1 of the Shoals
 13907 | Shoals:4 | Entered Level 4 of the Shoals
 13974 | Shoals:4 | Reached skill level 10 in Throwing
 14071 | Shoals:4 | Identified the ring "Dadeopits" {rN+ MP+9 Int+3 Slay+3}
 14125 | Shoals:4 | Reached XP level 18. HP: 94/116 MP: 23/27
 14277 | Shoals:4 | Got an azure gem with 1310 turns to spare
 14281 | Shoals:4 | Got a barnacled rune of Zot
 14641 | Shoals:1 | Identified the serpent talisman "Conokek" {Str+3 Slay+3}
 14641 | Shoals:1 | Noticed Aizul
 14648 | Shoals:1 | Killed Aizul
 14810 | Shoals:2 | Found a bloodstained altar of Trog.
 14876 | Shoals:3 | Reached skill level 15 in Fighting
 15153 | Lair:4   | Found a viscous altar of Jiyva.
 15154 | Lair:4   | Found a staircase to the Slime Pits.
 15188 | Slime:1  | Entered Level 1 of the Pits of Slime
 15324 | Slime:3  | Reached XP level 19. HP: 94/124 MP: 23/28
 15333 | Slime:5  | Entered Level 5 of the Pits of Slime
 15472 | Slime:5  | Reached skill level 10 in Dodging
 15487 | Slime:5  | Found a viscous altar of Jiyva.
 15488 | Slime:5  | Found the +8 demon blade "Leech" {evervamp, Harm ^Drain
                  | rN+}
 15597 | Slime:5  | Noticed the Royal Jelly
 15617 | Slime:5  | Killed the Royal Jelly
 15647 | Slime:5  | Reached skill level 15 in Armour
 15710 | Slime:5  | Identified the +2 trident "Tormentor" {flame, Str+3 Stlth+}
 15731 | Slime:5  | Got a slimy rune of Zot
 15735 | Slime:5  | Got a starry gem with 95 turns to spare
 15749 | Slime:5  | Identified the +3 plate armour of Supraq {Int+6}
 15754 | Slime:5  | Identified the +0 pair of gloves "Ejouschi" {rCorr}
 16093 | Orc:1    | Bought a runed plate armour for 598 gold pieces
 16136 | Elf:1    | Entered Level 1 of the Elven Halls
 16272 | Elf:3    | Entered Level 3 of the Elven Halls
 16350 | Elf:3    | Noticed Saint Roka
 16375 | Elf:3    | Killed Saint Roka
 16490 | Elf:3    | Identified the staff of Disorder {rElec rF+ Str+5 Fire}
 16529 | Elf:3    | Identified the +3 robe "Miro" {rF+ rN+ Str+2}
 16626 | Elf:3    | Got the Catalogue of Ensorcelling
 16658 | Elf:3    | Identified the +4 sling of the Flying Seeker {speed, rN+
                  | Will++ rCorr}
 16661 | Elf:3    | Got a shimmering gem with 1372 turns to spare
 16722 | Elf:3    | Reached XP level 20. HP: 99/136 MP: 29/29
 16753 | Elf:3    | Identified the +5 spear "Itesm" {pain, ^Contam Fly rCorr
                  | Dex+7}
 17010 | Elf:2    | Found a runed translucent gate.
 17011 | Elf:2    | Found a runed translucent gate.
 17011 | Elf:2    | Found a runed translucent gate.
 17206 | Elf:1    | Noticed Donald
 17218 | Elf:1    | Killed Donald
 17278 | Elf:1    | Found Vilaej's Antique Weapon Boutique.
 17279 | Elf:1    | Found Gocraj's Assorted Antiques.
 17279 | Elf:1    | Found Toumosef's General Store.
 17285 | Elf:1    | Found Qies's Distillery.
 17296 | Elf:1    | Bought a potion of curing for 111 gold pieces
 17302 | Elf:1    | Bought a scroll of identify for 30 gold pieces
 17306 | Elf:1    | Bought a potion of curing for 36 gold pieces
 17306 | Elf:1    | Bought a potion of cancellation for 96 gold pieces
 17306 | Elf:1    | Bought a potion of mutation for 96 gold pieces
 17306 | Elf:1    | Bought a potion of enlightenment for 60 gold pieces
 17306 | Elf:1    | Bought 2 potions of enlightenment for 120 gold pieces
 17522 | D:14     | Found a gate to the Vaults.
 17539 | Vaults:1 | Entered Level 1 of the Vaults
 17554 | Vaults:1 | Noticed Norris
 17557 | Vaults:1 | Reached skill level 1 in Shields
 17571 | Vaults:1 | Killed Norris
 17630 | Vaults:1 | Found Kuejoeda's Distillery.
 17640 | Vaults:1 | Bought a potion of curing for 51 gold pieces
 17640 | Vaults:1 | Bought a potion of ambrosia for 136 gold pieces
 17640 | Vaults:1 | Bought a potion of ambrosia for 136 gold pieces
 17640 | Vaults:1 | Bought a potion of curing for 51 gold pieces
 17723 | Vaults:1 | HP: 1/136 [ironbound thunderhulk/bolt of lightning (17)]
 17740 | Vaults:1 | Reached skill level 5 in Shields
 17758 | Vaults:1 | Found a crumbling gateway.
 17787 | Desolati | Entered the Desolation of Salt
 17788 | Desolati | Identified the +0 tower shield of Masarch {Dex+2}
 17854 | Desolati | Identified the ring of the Castellan {*Slow rF+ rN+ Int+6
                  | Stlth+}
 17871 | Desolati | Identified the +7 dagger of the Extremes {freeze, rElec rN+
                  | Str-5}
 17874 | Desolati | Got the Folio of Snow-white Gusts
 17978 | Desolati | Got the Secrets of Morbid Summoning
 17981 | Desolati | Identified the +6 trident of Eternal Vigilance {speed,
                  | *Noise rPois Dex+4 Stlth+}
 18046 | Desolati | Identified the amulet "Qairhao" {RegenMP Dex+5}
 18063 | Desolati | Identified the +0 scale mail "Wycolof" {+Inv Str+3 Int+2}
 18065 | Desolati | Identified the ring "Qysavito" {Fly rF- Str+6}
 18143 | Desolati | Reached skill level 10 in Shields
 18361 | Vaults:2 | Reached XP level 21. HP: 108/141 MP: 30/30
 18614 | Vaults:2 | Found Zonujy's Jewellery Boutique.
 18630 | Vaults:2 | Bought the amulet "Ymarph" {Reflect Regen+ Int+2 SH+5} for
                  | 947 gold pieces
 19079 | Vaults:3 | Found Biogh's Jewellery Emporium.
 19259 | Vaults:3 | Noticed a golden dragon
 19272 | Vaults:3 | Killed a golden dragon
 19441 | Vaults:3 | Noticed Mennas
 19477 | Vaults:3 | Killed Mennas
 19478 | Vaults:3 | Reached skill level 15 in Throwing
 19514 | Vaults:3 | Identified the +0 pair of boots of Jotaeh {rF- Dex+4}
 19799 | Vaults:5 | Entered Level 5 of the Vaults
 19883 | Vaults:5 | Reached skill level 15 in Shields
 19904 | Vaults:5 | Reached XP level 22. HP: 147/147 MP: 31/31
 19947 | Vaults:5 | Gained mutation: You have a pair of small antennae on your
                  | head. [a shining eye]
 19958 | Vaults:5 | Noticed a dread lich
 19969 | Vaults:5 | Killed a dread lich
 20203 | Vaults:5 | Noticed an ancient lich
 20216 | Vaults:5 | Killed an ancient lich
 20251 | Vaults:5 | Noticed an ancient lich
 20251 | Vaults:5 | Noticed an ancient lich
 20260 | Vaults:5 | Killed an ancient lich
 20261 | Vaults:5 | Killed an ancient lich
 20281 | Vaults:5 | Found Mielat's Distillery.
 20287 | Vaults:5 | Bought 2 potions of heal wounds for 190 gold pieces
 20287 | Vaults:5 | Bought a potion of magic for 152 gold pieces
 20287 | Vaults:5 | Bought a potion of heal wounds for 95 gold pieces
 20287 | Vaults:5 | Bought 2 potions of might for 152 gold pieces
 20290 | Vaults:5 | Identified the +1 leather armour "Azu Jomu" {rF- rC- rN+
                  | Dex+8}
 20330 | Vaults:5 | Found Xecid's General Store.
 20330 | Vaults:5 | Found Usoreug's Distillery.
 20334 | Vaults:5 | Bought a potion of heal wounds for 85 gold pieces
 20334 | Vaults:5 | Bought a potion of curing for 51 gold pieces
 20338 | Vaults:5 | Bought a potion of cancellation for 152 gold pieces
 20338 | Vaults:5 | Bought a potion of curing for 57 gold pieces
 20338 | Vaults:5 | Bought a potion of might for 76 gold pieces
 20338 | Vaults:5 | Bought a potion of ambrosia for 152 gold pieces
 20338 | Vaults:5 | Bought a potion of curing for 57 gold pieces
 20348 | Vaults:5 | Found Gehosoodd's Antique Armour Emporium.
 20426 | Vaults:5 | Noticed a dread lich
 20449 | Vaults:5 | Killed a dread lich
 20496 | Vaults:5 | Got a shining gem with 1398 turns to spare
 20498 | Vaults:5 | Got a silver rune of Zot
 20515 | Vaults:5 | Found Tusyceunif's Magic Scroll Boutique.
 20519 | Vaults:5 | Bought a scroll of blinking for 105 gold pieces
 20519 | Vaults:5 | Bought a scroll of revelation for 105 gold pieces
 20519 | Vaults:5 | Bought a scroll of fear for 56 gold pieces
 20519 | Vaults:5 | Bought a scroll of revelation for 105 gold pieces
 20629 | Vaults:5 | Found Rocaoshiho's Jewellery Shoppe.
 20698 | Vaults:5 | Noticed an ancient lich
 20705 | Vaults:5 | Killed an ancient lich
 20706 | Vaults:5 | Reached XP level 23. HP: 156/156 MP: 32/32
 20865 | Vaults:3 | Bought the ring "Earthly Heaven" {rF+ Will+ Stlth+} for 565
                  | gold pieces
 20966 | Vaults:2 | Found a staircase to the Crypt.
 20989 | Crypt:1  | Entered Level 1 of the Crypt
 21080 | Crypt:2  | Found a magical portal.
 21089 | WizLab   | Entered Eringya's Formal Garden
 21208 | WizLab   | Found a blossoming altar of Fedhas.
 21525 | Crypt:2  | Reached skill level 10 in Evocations
 21748 | Crypt:3  | Entered Level 3 of the Crypt
 21829 | Crypt:3  | Noticed a curse toe
 21843 | Crypt:3  | Killed a curse toe
 21871 | Crypt:3  | Reached skill level 15 in Invocations
 21915 | Crypt:3  | Noticed an ancient lich
 21915 | Crypt:3  | Noticed an ancient lich
 21915 | Crypt:3  | Noticed a dread lich
 21930 | Crypt:3  | Killed an ancient lich
 21933 | Crypt:3  | Killed a dread lich
 21936 | Crypt:3  | Killed an ancient lich
 21939 | Crypt:3  | Noticed Sojobo
 21964 | Crypt:3  | Killed Sojobo
 22035 | Crypt:3  | Got an ivory gem with 1174 turns to spare
 22037 | Crypt:3  | Identified the +5 ring mail of Decompression {rElec rC+
                  | rN+}
 22092 | Crypt:3  | Found a staircase to the Tomb.
 22097 | Tomb:1   | Entered Level 1 of the Tomb of the Ancients
 22160 | Tomb:1   | Reached XP level 24. HP: 157/163 MP: 35/35
 22201 | Tomb:1   | Noticed a royal mummy
 22218 | Tomb:1   | Noticed a royal mummy
 22243 | Tomb:1   | Killed a royal mummy
 22249 | Tomb:1   | Killed a royal mummy
 22347 | Tomb:2   | Noticed a royal mummy
 22364 | Tomb:2   | Killed a royal mummy
 22366 | Tomb:2   | Noticed a royal mummy
 22436 | Tomb:2   | Noticed a royal mummy
 22450 | Tomb:2   | Killed a royal mummy
 22454 | Tomb:2   | Noticed a royal mummy
 22462 | Tomb:2   | Killed a royal mummy
 22469 | Tomb:2   | Killed a royal mummy
 22530 | Tomb:1   | Noticed a royal mummy
 22530 | Tomb:1   | Noticed a royal mummy
 22530 | Tomb:1   | Noticed a royal mummy
 22530 | Tomb:1   | Noticed a royal mummy
 22532 | Tomb:1   | Identified the +5 tower shield of Temperance {*Slow rC-
                  | rCorr Slay+4}
 22537 | Tomb:1   | Killed a royal mummy
 22541 | Tomb:1   | Killed a royal mummy
 22546 | Tomb:1   | Killed a royal mummy
 22551 | Tomb:1   | Noticed a royal mummy
 22553 | Tomb:1   | Noticed a royal mummy
 22556 | Tomb:1   | Killed a royal mummy
 22557 | Tomb:1   | Noticed a royal mummy
 22571 | Tomb:1   | Killed a royal mummy
 22580 | Tomb:1   | Killed a royal mummy
 22583 | Tomb:1   | Killed a royal mummy
 22589 | Tomb:1   | Noticed a royal mummy
 22599 | Tomb:1   | Killed a royal mummy
 22620 | Tomb:1   | Noticed a royal mummy
 22630 | Tomb:1   | Killed a royal mummy
 22633 | Tomb:1   | Noticed a royal mummy
 22636 | Tomb:1   | Noticed a royal mummy
 22639 | Tomb:1   | Noticed a royal mummy
 22641 | Tomb:1   | Noticed a royal mummy
 22686 | Tomb:1   | Killed a royal mummy
 22700 | Tomb:1   | Killed a royal mummy
 22708 | Tomb:1   | Killed a royal mummy
 22715 | Tomb:1   | Killed a royal mummy
 22771 | Tomb:1   | Noticed a royal mummy
 22783 | Tomb:1   | Killed a royal mummy
 22784 | Tomb:1   | Noticed a royal mummy
 22796 | Tomb:1   | Killed a royal mummy
 22812 | Tomb:1   | Noticed a royal mummy
 22820 | Tomb:1   | Killed a royal mummy
 22858 | Tomb:1   | Noticed a royal mummy
 22868 | Tomb:1   | Killed a royal mummy
 22958 | Tomb:3   | Entered Level 3 of the Tomb of the Ancients
 22964 | Tomb:3   | Reached XP level 25. HP: 173/173 MP: 31/36
 22968 | Tomb:3   | Noticed a royal mummy
 22969 | Tomb:3   | Noticed a royal mummy
 22969 | Tomb:3   | Noticed a royal mummy
 22971 | Tomb:3   | Identified a +9 broad axe of holy wrath (a +8 broad axe of
                  | freezing blessed by the Shining One)
 22971 | Tomb:3   | Received a gift from the Shining One
 22971 | Tomb:3   | Killed a royal mummy
 22971 | Tomb:3   | Killed a royal mummy
 22981 | Tomb:3   | Noticed a royal mummy
 22981 | Tomb:3   | Killed a royal mummy
 22984 | Tomb:3   | Noticed a royal mummy
 22986 | Tomb:3   | Noticed a royal mummy
 22990 | Tomb:3   | Killed a royal mummy
 22995 | Tomb:3   | Killed a royal mummy
 22995 | Tomb:3   | Killed a royal mummy
 23008 | Tomb:3   | Noticed a royal mummy
 23010 | Tomb:3   | Noticed a royal mummy
 23024 | Tomb:3   | Killed a royal mummy
 23030 | Tomb:3   | Noticed a royal mummy
 23033 | Tomb:3   | Killed a royal mummy
 23045 | Tomb:3   | Killed a royal mummy
 23046 | Tomb:3   | Lost mutation: You have a pair of small antennae on your
                  | head. [mutagenic glow]
 23093 | Tomb:3   | Identified the ring of the Queen {+Blink rF+ rC+ EV+5 Str+2
                  | Dex-3}
 23124 | Tomb:3   | Found the +8 Wrath of Trog {antimagic, *Rage Rampage}
 23126 | Tomb:3   | Found the +3 warlock's mirror {omnireflect}
 23130 | Tomb:3   | Identified the staff of Beyond {rPois Will+ Summ Alchemy}
 23133 | Tomb:3   | Identified the +1 mace "Boamn" {vamp, Dex+4 Stlth+}
 23134 | Tomb:3   | Identified the +10 flail "Zuahoit" {vamp, Str+3}
 23143 | Tomb:3   | Identified the +10 gold dragon scales "Jopsugg" {rPois rF+
                  | rC+ Int+3}
 23155 | Tomb:3   | Identified the +5 broad axe "Houmifadd" {freeze, rN+++
                  | Will+++ Str-2 Dex-3}
 23180 | Tomb:3   | Identified the +4 plate armour of Peek-a-Boo {-Cast rElec
                  | Dex+2}
 23232 | Tomb:3   | Got a sanguine gem with 722 turns to spare
 23234 | Tomb:3   | Got a golden rune of Zot
 23713 | Vaults:2 | Bought the ring of the Tempest {Fly rC+ Str+6} for 1014
                  | gold pieces
 23959 | D:15     | Found a staircase to the Depths.
 23965 | D:15     | Got a smoky gem with 795 turns to spare
 23985 | Depths:1 | Entered Level 1 of the Depths
 24009 | Depths:2 | Found a one-way gateway to a ziggurat.
 24031 | Zig:1    | Entered Level 1 of a ziggurat
 24057 | Zig:2    | Entered Level 2 of a ziggurat
 24080 | Zig:3    | Entered Level 3 of a ziggurat
 24098 | Zig:4    | Entered Level 4 of a ziggurat
 24151 | Zig:5    | Entered Level 5 of a ziggurat
 24195 | Zig:6    | Entered Level 6 of a ziggurat
 24242 | Zig:7    | Entered Level 7 of a ziggurat
 24261 | Zig:7    | Reached XP level 26. HP: 165/165 MP: 18/33
 24280 | Zig:7    | Identified the staff of Frustration {^Fragile rElec rPois
                  | rCorr Int+2 Alchemy}
 24283 | Zig:7    | Identified the +3 giant club "Joyn" {holy, rCorr SInv}
 24289 | Zig:7    | Identified the ring of Resumed Hostilities {MP+9 Str+6}
 24299 | Zig:8    | Entered Level 8 of a ziggurat
 24355 | Zig:9    | Entered Level 9 of a ziggurat
 24424 | Zig:9    | Identified the +1 ring mail "Jesinips" {rElec rF+ rN+}
 24455 | Depths:2 | Found a gateway to Hell.
 24468 | Depths:3 | Found a one-way gate to the infinite horrors of the Abyss.
 24648 | Depths:2 | Identified the ring "Nasiuc" {MP+9 EV+5}
 24956 | Depths:2 | Found Qayt's Distillery.
 24986 | Depths:2 | Bought 2 potions of resistance for 300 gold pieces
 24986 | Depths:2 | Bought a potion of might for 60 gold pieces
 24986 | Depths:2 | Bought a potion of mutation for 120 gold pieces
 24986 | Depths:2 | Bought a potion of haste for 150 gold pieces
 24986 | Depths:2 | Bought 2 potions of curing for 90 gold pieces
 25360 | Depths:2 | Found a one-way gate leading to the halls of Pandemonium.
 25371 | Pan      | Entered Pandemonium
 25494 | Pan      | Noticed Rilizxol the pandemonium lord
 25516 | Pan      | Killed Rilizxol the pandemonium lord
 25535 | Pan      | Gained mutation: Your magical capacity is low. (-10% MP) [a
                  | cacodemon]
 25542 | Pan      | Found an exit through the horrors of the Abyss.
 25810 | Pan      | Reached XP level 27. HP: 190/190 MP: 33/33
 25863 | Pan      | Reached skill level 1 in Translocations
 25925 | Pan      | Entered the realm of Mnoleg.
 26197 | Pan      | Learned a level 1 spell: Apportation
 26242 | Pan      | Reached skill level 5 in Translocations
 26290 | Pan      | Noticed Mnoleg
 26306 | Pan      | Killed Mnoleg
 26374 | Pan      | Got a glowing rune of Zot
 26452 | Pan      | Found a runed translucent door.
 26452 | Pan      | Found a runed translucent door.
 26454 | Pan      | Found a runed translucent door.
 26459 | Pan      | Noticed Vilea the pandemonium lord
 26465 | Pan      | Killed Vilea the pandemonium lord
 26469 | Pan      | Found a runed translucent door.
 26525 | Pan      | Entered the realm of Lom Lobon.
 26653 | Pan      | Noticed Lom Lobon
 26697 | Pan      | Killed Lom Lobon
 26716 | Pan      | Got a magical rune of Zot
 27166 | Pan      | Found a white marble altar of Elyvilon.
 27322 | Pan      | Entered the realm of Gloorx Vloq.
 27478 | Pan      | Noticed Gloorx Vloq
 27488 | Pan      | Killed Gloorx Vloq
 27494 | Pan      | Got a dark rune of Zot
 27674 | Pan      | Entered the realm of Cerebov.
 27681 | Pan      | Found an exit through the horrors of the Abyss.
 27714 | Pan      | Identified the +6 flail of Wrongful Imprisonment {pain,
                  | *Rage rC+ Str+4}
 27897 | Pan      | Identified the +6 hand axe of Tig Goed {chaos, Fly rC- MP+9
                  | Dex+5}
 27898 | Pan      | Got Weisaat Hoah's Anthology of the Geodesic and Jinxing
 28038 | Pan      | Found the +6 sword of Cerebov {flame}
 28038 | Pan      | Noticed Cerebov
 28080 | Pan      | Killed Cerebov
 28102 | Pan      | Identified the +0 chain mail "Hotwem" {Fly rPois rC-}
 28103 | Pan      | Identified the +5 ring mail of Antique Liberty {Str+3}
 28149 | Pan      | Got a fiery rune of Zot
 28180 | Pan      | Identified the ring "Rutal" {Wiz Will+ MP+9 Str-3 Dex+3}
 28394 | Pan      | Found an exit through the horrors of the Abyss.
 28507 | Pan      | Noticed Rucahu the pandemonium lord
 28534 | Pan      | Killed Rucahu the pandemonium lord
 28620 | Pan      | Got a demonic rune of Zot
 28781 | Pan      | Found an exit through the horrors of the Abyss.
 28790 | Pan      | Took an exit into the Abyss.
 28790 | Abyss:1  | Escaped into the Abyss
 28802 | Abyss:1  | Found a corrupted altar of Lugonu.
 28815 | Abyss:1  | Found a corrupted altar of Lugonu.
 28815 | Abyss:1  | Found a corrupted altar of Lugonu.
 28815 | Abyss:1  | Found a corrupted altar of Lugonu.
 28815 | Abyss:1  | Found a corrupted altar of Lugonu.
 28815 | Abyss:1  | Found a corrupted altar of Lugonu.
 28815 | Abyss:1  | Found a corrupted altar of Lugonu.
 28872 | Abyss:2  | Found a corrupted altar of Lugonu.
 29046 | Abyss:3  | Got an abyssal rune of Zot
 29066 | Depths:2 | Escaped the Abyss
 29073 | Depths:2 | Lost mutation: Your magical capacity is low. (-10% MP)
                  | [potion of mutation]
 29073 | Depths:2 | Gained mutation: You do not regenerate when monsters are
                  | visible. [potion of mutation]
 29073 | Depths:2 | Gained mutation: You are somewhat resistant to further
                  | mutation. [potion of mutation]
 29074 | Depths:2 | Lost mutation: You do not regenerate when monsters are
                  | visible. [potion of mutation]
 29074 | Depths:2 | Lost mutation: You are somewhat resistant to further
                  | mutation. [potion of mutation]
 29074 | Depths:2 | Gained mutation: You are agile. (Dex +4, Str/Int -1)
                  | [potion of mutation]
 29074 | Depths:2 | Gained mutation: You are very agile. (Dex +8, Str/Int -2)
                  | [potion of mutation]
 29074 | Depths:2 | Gained mutation: You are dopey. (Int -2) [potion of
                  | mutation]
 29075 | Depths:2 | Lost mutation: You are very agile. (Dex +8, Str/Int -2)
                  | [potion of mutation]
 29075 | Depths:2 | Lost mutation: You are agile. (Dex +4, Str/Int -1) [potion
                  | of mutation]
 29075 | Depths:2 | Gained mutation: Your flesh is heat resistant. (rF+)
                  | [potion of mutation]
 29075 | Depths:2 | Gained mutation: You possess an exceptional clarity of
                  | mind. [potion of mutation]
 29104 | Hell     | Entered the Vestibule of Hell
 29104 | Hell     | Noticed Geryon
 29134 | Hell     | Killed Geryon
 29160 | Hell     | Reached skill level 15 in Evocations
 29192 | Hell     | Found a gateway to the ashen valley of Gehenna.
 29207 | Geh:1    | Entered Level 1 of Gehenna
 29478 | Geh:7    | Entered Level 7 of Gehenna
 29518 | Geh:7    | Noticed the Serpent of Hell
 29554 | Geh:7    | Killed the Serpent of Hell
 29690 | Geh:7    | Found the +13 sceptre of Asmodeus
 29690 | Geh:7    | Noticed Asmodeus
 29713 | Geh:7    | Killed Asmodeus
 29718 | Geh:7    | Got an obsidian rune of Zot
 29869 | Hell     | Noticed a dread lich
 29881 | Hell     | Killed a dread lich
 29895 | Hell     | Found a gateway to the decaying netherworld of Tartarus.
 29919 | Tar:1    | Entered Level 1 of Tartarus
 30310 | Tar:7    | Entered Level 7 of Tartarus
 30340 | Tar:7    | Noticed an ancient lich
 30350 | Tar:7    | Killed an ancient lich
 30397 | Tar:7    | Noticed Ereshkigal
 30423 | Tar:7    | Killed Ereshkigal
 30427 | Tar:7    | Got a bone rune of Zot
 30536 | Hell     | Found a gateway to the freezing wastes of Cocytus.
 30567 | Coc:1    | Entered Level 1 of Cocytus
 30649 | Coc:2    | Noticed a dread lich
 30657 | Coc:2    | Killed a dread lich
 30877 | Coc:4    | Noticed a dread lich
 30887 | Coc:4    | Killed a dread lich
 30931 | Coc:5    | Noticed a dread lich
 30932 | Coc:5    | Paralysed by a wendigo for 1 turns
 31009 | Coc:7    | Entered Level 7 of Cocytus
 31047 | Coc:7    | Paralysed by a wendigo for 1 turns
 31054 | Coc:7    | Paralysed by a wendigo for 1 turns
 31059 | Coc:7    | Paralysed by a wendigo for 1 turns
 31114 | Coc:7    | Paralysed by a wendigo for 1 turns
 31125 | Coc:7    | Paralysed by a wendigo for 1 turns
 31158 | Coc:7    | Noticed Antaeus
 31194 | Coc:7    | Paralysed by a wendigo for 1 turns
 31216 | Coc:7    | Killed Antaeus
 31317 | Coc:7    | Identified the +1 ring mail of the Crypt {Will+}
 31327 | Coc:7    | Identified the ring "Sat Zuabb" {Dex+6 Stlth+}
 31355 | Coc:7    | Got an icy rune of Zot
 31501 | Hell     | Found a gateway to the Iron City of Dis.
 31524 | Dis:1    | Entered Level 1 of the Iron City of Dis
 32193 | Dis:7    | Entered Level 7 of the Iron City of Dis
 32536 | Dis:7    | Noticed Dispater
 32580 | Dis:7    | Reached skill level 27 in Invocations
 32595 | Dis:7    | Killed Dispater
 32628 | Dis:7    | Got an iron rune of Zot
 32678 | Dis:7    | Identified the +5 mace of Unpleasantness {flame, rC+ rN+}
 32894 | Depths:4 | Entered Level 4 of the Depths
 33203 | Depths:4 | Found a gate to the Realm of Zot.
 33240 | Depths:4 | Got a midnight gem with 1720 turns to spare
 33242 | Zot:1    | Entered Level 1 of the Realm of Zot
 33266 | Zot:2    | You are sucked into a shaft and drop 1 floor!
 33387 | Zot:3    | Found a runed translucent gate.
 33387 | Zot:3    | Found a runed translucent gate.
 33387 | Zot:3    | Found a runed translucent gate.
 33387 | Zot:3    | Found an opulent altar of Gozag.
 33387 | Zot:3    | Noticed Endbringerleviathan's ghost (legendary NaFE)
 33401 | Zot:3    | Found Setuan's Assorted Antiques.
 33419 | Zot:3    | Killed Endbringerleviathan's ghost
 33426 | Zot:3    | Bought a potion of heal wounds for 180 gold pieces
 33480 | Zot:3    | Reached skill level 27 in Fighting
 33619 | Zot:5    | Entered Level 5 of the Realm of Zot
 33682 | Zot:5    | Reached skill level 15 in Dodging
 33686 | Zot:5    | Noticed a dread lich
 33687 | Zot:5    | Noticed an orb of fire
 33692 | Zot:5    | Noticed an ancient lich
 33697 | Zot:5    | Gained mutation: Your health recovers twice as slowly from
                  | being drained. [an orb of fire]
 33700 | Zot:5    | Gained mutation: Your spells are a little easier to cast,
                  | but a little less powerful. [an orb of fire]
 33713 | Zot:5    | Killed an orb of fire
 33714 | Zot:5    | Killed an ancient lich
 33719 | Zot:5    | Killed a dread lich
 33760 | Zot:5    | Noticed an ancient lich
 33770 | Zot:5    | Killed an ancient lich
 33796 | Zot:5    | Noticed a dread lich
 33811 | Zot:5    | Killed a dread lich
 33834 | Zot:5    | Noticed an orb of fire
 33840 | Zot:5    | Gained mutation: You are clumsy. (Dex -2) [an orb of fire]
 33846 | Zot:5    | Killed an orb of fire
 33938 | Zot:5    | Got a prismatic gem with 413 turns to spare
 34096 | Zot:5    | Got the Orb of Zot
 34258 | D:15     | Noticed Louise
 34283 | D:14     | Reached skill level 1 in Stealth
 34512 | D:$      | Escaped with the Orb!

Illustrated notes

Levels and vault maps discovered:
D:1:      dpeg_arrival_long_road, layout_basic, minivault_27,
          amcnicky_mini_pool_small, minmay_3d_cube
D:2:      layout_rooms, shapermc_ecumenical_altar_ellora
D:3:      layout_loops_corners, elyvilon_altar_3,
          nicolae_qazlal_style_of_elements
D:4:      layout_basic, hangedman_decor_diamond_cutter, minmay_cut_off
D:5:      due_chaos_kobolds, layout_loops_ring,
          mainiacjoe_overflow_cross_hatched, minmay_temple_entry_tees,
          nicolae_figureground_sparkle, uniq_crazy_yiuf_cottage, uniq_edmund,
          uniq_grinder
D:6:      layout_basic, kennysheep_mini_moat, old_standard_altar,
          minmay_starry_boxes, uniq_eustachio
D:7:      layout_basic, lemuel_doored_altar
D:8:      layout_loops_corners, mainiacjoe_overflow_catwalk,
          nicolae_ru_great_annihilating_truth, lemuel_crystal_altar,
          serial_rivers, chequers_serial_rivers_micro_b,
          chequers_serial_rivers_small_3, chequers_serial_rivers_large_a,
          chequers_serial_rivers_micro_b, uniq_grum
D:9:      layout_roguey, pdpol_wu_jian_five_deadly_venoms,
          minmay_lair_entry_grove, grunt_ministairs_6
D:10:     layout_rooms, regret_index_xom_buried_treasure, serial_shops,
          kennysheep_little_box
D:11:     layout_roguey [special_room_orc], hiddenorc1_lemuel,
          portal_ice_cave_entry_ice_simulacra
D:12:     layout_roguey, chequers_decorated_corner
D:13:     layout_long_grid, gauntlet_entry_generic, serial_shops, shop,
          wad_rectangle_vault, uniq_rupert
D:14:     layout_long_grid, erik_vaults_1, biasface_ghost_orc_armoury,
          hangedman_decor_riveting, serial_co_window_serial,
          co_window_of_opportunity_a, co_window_corner_a, co_window_corner_a,
          co_window_cross_1, co_window_of_opportunity_a, co_window_corner_b,
          co_window_paths_c, co_window_paths_c, co_window_2corner,
          co_window_4corner_a, co_window_paths_e, glass_columns_c,
          glass_columns_a, uniq_nessos, uniq_josephine
D:15:     hellmonk_depths_entry_around_the_bend, layout_irregular_city,
          minmay_misc_feat_five, uniq_louise
Temple:   nicolae_temple_ecumenical_triangle
Lair:1:   layout_loops_ring, lemuel_fruit_tree, uniq_amaemon
Lair:2:   layout_gridlike, spider_nest_entry_webs, basic_altar,
          pdpol_lair_cabin_in_the_woods
Lair:3:   layout_chaotic_city, minmay_shoals_entry_hut,
          nicolae_volcano_entry_vermiform, chequers_serial_rivers_large_b,
          beast_lair_carwin_4, grunt_megastairs_1
Lair:4:   cheibrodos_lair_overgrown_chateau, layout_hall_layers,
          minmay_slime_entry_pillars, hellmonk_guarded_unrand_seven_league_boots
Lair:5:   guppyfry_lair_end_dragon, layout_hall_layers, st_stairs_11
Shoals:1: layout_shoals, uniq_aizul
Shoals:2: layout_shoals, nicolae_shoals_stone_sculpture_thing,
          wheals_shoals_ruined_temple
Shoals:3: layout_shoals, nicolae_shoals_loop_pool
Shoals:4: shoals_end_hellmonk_lost_city
Spider:1: layout_spider_delve, ebering_ghost_reflecting_pool, uniq_mlioglotl
Spider:2: layout_spider_delve
Spider:3: layout_spider_delve, uniq_arachne
Spider:4: hellmonk_spider_rune_endless_swarm
Slime:1:  layout_caves
Slime:2:  cheibrodos_slime_lost_civilization_10, layout_caves,
          nicolae_slime_barrier, nicolae_slime_phagocytosis
Slime:3:  layout_caves
Slime:4:  layout_caves
Slime:5:  slime_pit_nicolae_block_by_block
Orc:1:    layout_diamond_mine, serial_shops, shop, uniq_erolcha
Orc:2:    st_orc_elflike, layout_caves, serial_shops, bzr_firewalk, uniq_sonja
Elf:1:    minmay_elf_arrival_circle, layout_loops_corners,
          hangedman_elf_disciples, minmay_shoptagon, uniq_donald
Elf:2:    nicolae_elf_blades_crystal_corner, layout_onion_city,
          ebering_ghost_inner_flame
Elf:3:    grunt_elf_hall_diamonds, layout_onion_city, uniq_saint_roka
Vaults:1: portal_desolation_entry_nicolae_nacl, hangedman_vaults_stagger,
          vaults_room_octagon, grunt_vaults_trifunnel,
          nicolae_vaults_shipping_containers_1,
          vaults_mumra_minichess_inversion, nicolae_vaults_door_testing_chamber,
          nicolae_vaults_shelves_hall, nicolae_vaults_three_branches, v_misc_14,
          nicolae_vaults_trapezoid_layered, vaults_room_semicircle,
          nicolae_vaults_cochlea, layout_vaults_omnicross, serial_shops,
          nicolae_shop_tiny_waterfront, uniq_norris
Vaults:2: minmay_crypt_entry_simple_corners,
          vaults_room_grunt_arrival_checkpoint, v_alt_pattern_6, v_misc_12,
          v_misc_11, v_misc_3, layout_vaults_omnigrid, serial_shops,
          nicolae_shop_getting_attention
Vaults:3: hangedman_vaults_unwind, nicolae_vaults_tetromino_T_2, v_misc_16,
          st_quartered_hall, nicolae_vaults_windows_and_doors_thing,
          vaults_room_fours, nicolae_vaults_six-pack,
          hangedman_vaults_stretched_pinwheel, nicolae_vaults_tetromino_Z_2,
          nicolae_vaults_alarming, v_misc_16, vaults_dpeg_cross,
          ontoclasm_vaults_loading_screen, vaults_standard_mumra_x,
          vaults_room_large_hall, v_misc_22, layout_vaults_omnibox,
          serial_shops, nicolae_diamond_shop, uniq_mennas
Vaults:4: nicolae_vaults_what_the_h, hangedman_vaults_stream,
          vaults_room_octagon, nicolae_vaults_triangles,
          nicolae_vaults_surprise_closet, layout_vaults_chaotic_city
Vaults:5
Crypt:1:  layout_chaotic_city, serial_library_regret_index_multi,
          serial_library_regret_index_headful, grunt_crypt_arrival_webbed,
          roderic_lattice_octagonal_star, uniq_vv
Crypt:2:  layout_chaotic_city, mu_enter_wizlab_6
Crypt:3:  david_glass_crypt, layout_basic, nicolae_tomb_entry_rubble_hallway,
          uniq_sojobo
Tomb:1
Tomb:2
Tomb:3
Depths:1: layout_cave_pools, abyss_entry_crystal, hell_entry,
          hellmonk_sif_muna_bookshelves, hangedman_abyss_or_decor_passed,
          kennysheep_dice
Depths:2: minmay_skeleton_keep, layout_gridlike, enter_ziggurat_b, special_room
          [special_room_mythical_zoo], rand_demon_pan_entry_7, hell_entry,
          nicolae_kite_square_tiling_tiny, minmay_staircase_windowed_large,
          minmay_shop_star
Depths:3: lemuel_castle_with_subvaults [lemuel_castle_interior_original],
          layout_cave_pools, abyss_entry, bloody_trog, grunt_hell_entry_dis_old,
          nicolae_houndstooth_variations
Depths:4: grunt_zot_entry_funnels, layout_gridville, hangedman_coc_ice_floe,
          minmay_misc_feat_more_columns, serial_bayou_shore_b,
          serial_bayou_shore_b, uniq_josephina
Hell
Dis:1:    layout_subdivisions
Dis:2:    layout_subdivisions
Dis:3:    layout_subdivisions, nicolae_hells_seeping_fissure
Dis:4:    layout_regular_city
Dis:5:    layout_gridville
Dis:6:    layout_gridville
Dis:7:    iron_city_of_dis [dis_old, dis_wall_3], layout_gridville
Geh:1:    layout_gehenna_lava_caves
Geh:2:    layout_gehenna_pools_triple
Geh:3:    layout_gehenna_lava_caves
Geh:4:    layout_gehenna_lava_caves
Geh:5:    layout_gehenna_pools_basic, nicolae_geh_lava_rosette
Geh:6:    layout_gehenna_pools_box
Geh:7:    geh_hangedman
Coc:1:    layout_cocytus_water_paths
Coc:2:    layout_cocytus_water_paths
Coc:3:    layout_ice_bergs
Coc:4:    layout_cocytus_delve
Coc:5:    layout_ice_bergs
Coc:6:    layout_ice_bergs
Coc:7:    coc_grunt_cove [coc_grunt_cove_antaeus, coc_grunt_cove_fiend,
          coc_grunt_cove_fiend, coc_grunt_cove_fiend, coc_grunt_cove_fiend]
Tar:1:    layout_honeycomb
Tar:2:    layout_grid_maze, nicolae_tar_cuneiform_three
Tar:3:    layout_honeycomb, nicolae_tar_cuneiform_sun, lemuel_nasty_fountain
Tar:4:    layout_grid_maze
Tar:5:    layout_grid_maze
Tar:6:    layout_catacombs, nicolae_tar_cuneiform_water,
          nicolae_tar_stay_or_leave
Tar:7:    tar_grunt, tar_grunt_ereshkigal, tar_grunt_big_loot,
          tar_grunt_small_loot, tar_grunt_small_loot, tar_grunt_small_loot,
          tar_grunt_small_decor_pillar, tar_grunt_decor_1,
          tar_grunt_decor_cross_diag, tar_grunt_small_decor_pillar,
          tar_grunt_decor_3, tar_grunt_small_decor_pillar,
          tar_grunt_small_decor_pillar, tar_grunt_decor_octagon_7,
          tar_grunt_small_decor_pillar, tar_grunt_small_decor_pillar,
          tar_grunt_decor_6, tar_grunt_decor_octagon_7,
          tar_grunt_small_decor_pillar, tar_grunt_small_decor_pillar,
          tar_grunt_small_decor_pillar
Zot:1:    layout_twisted_circle, regret_index_zotdec_banners
Zot:2:    layout_basic, regret_index_zotdec_slimy_original, skrybe_zot_glass_2
Zot:3:    regret_index_all_hallows'_manor, layout_gridlike,
          regret_index_zotdec_tunneler, ebering_ghost_gozag
Zot:4:    layout_misc_corridors, nicolae_diode_stairs
Zot:5:    layout_twisted_circle

Skill      XL: |  1  2  3  4  5  6  7  8  9 10 11 12 13 14 15 16 17 18 19 20 21 22 23 24 25 26 27 |
---------------+----------------------------------------------------------------------------------+-----
Axes           | 3 4 5 6 7 10 12 13 14 15 16 17 18 20 | 20.0
Armour         | 1 2 3 4 5 6 7 9 10 11 12 13 15 16 18 24 | 24.0
Fighting       | 4 5 6 8 9 10 11 12 13 14 15 18 20 22 24 27 | 27.0
Dodging        | 3 4 5 6 8 9 10 12 16 | 16.0
Invocations    | 2 5 7 9 10 11 12 17 19 20 27 | 27.0
Throwing       | 2 5 11 12 14 15 16 | 16.0
Evocations     | 4 6 8 10 12 16 | 16.0
Shields        | 10 15 16 17 19 24 | 24.0
Translocations | 8 |  8.0
Stealth        | 2 |  2.3

Action                     |  1- 3 |  4- 6 |  7- 9 | 10-12 | 13-15 | 16-18 | 19-21 | 22-24 | 25-27 || total
---------------------------+-------+-------+-------+-------+-------+-------+-------+-------+-------++-------
  Melee: Hand axe          |    66 |    27 |       |       |       |       |       |       |       ||    93
         War axe           |       |    19 |   238 |   489 |   418 |       |       |       |       ||  1164
         Trident           |       |       |       |       |     4 |    18 |     4 |       |       ||    26
         Battleaxe         |       |       |       |       |   356 |   674 |   487 |       |       ||  1517
         Unarmed           |       |       |       |       |       |       |     5 |       |       ||     5
         Broad axe         |       |       |       |       |       |       |   476 |   641 |  3649 ||  4766
         Trishula          |       |       |       |       |       |       |       |   307 |    20 ||   327
  Throw: Dart              |       |     2 |     5 |    23 |    19 |    21 |     8 |       |     4 ||    82
         Stone             |       |       |    10 |    67 |   112 |       |       |       |       ||   189
         Boomerang         |       |       |       |    11 |     6 |   228 |   167 |   117 |   143 ||   672
         Javelin           |       |       |       |       |       |     4 |    30 |    38 |    47 ||   119
         Throwing net      |       |       |       |       |       |       |       |       |     3 ||     3
   Cast: Apportation       |       |       |       |       |       |       |       |       |    73 ||    73
 Invoke: Divine Shield     |       |       |       |     7 |    13 |    16 |    20 |    10 |    46 ||   112
         Summon Divine War |       |       |       |     1 |     6 |     6 |     7 |     9 |    22 ||    51
         Cleansing Flame   |       |       |       |       |     1 |     8 |    12 |    34 |    79 ||   134
         Brand Weapon With |       |       |       |       |       |       |       |       |     1 ||     1
  Evoke: Wand              |       |     2 |     3 |     1 |     3 |     7 |     7 |    20 |    59 ||   102
         Lightning rod     |       |       |       |       |     3 |       |     4 |       |     8 ||    15
         Condenser vane    |       |       |       |       |       |     1 |     2 |       |       ||     3
         Phial of floods   |       |       |       |       |       |       |     1 |       |       ||     1
         Phantom mirror    |       |       |       |       |       |       |     1 |       |     2 ||     3
         Box of beasts     |       |       |       |       |       |       |       |       |     1 ||     1
    Use: Scroll            |       |       |       |     7 |    10 |    14 |    20 |    17 |    48 ||   116
         Potion            |       |       |       |     1 |       |    10 |    12 |    23 |    48 ||    94
   Stab: Distracted        |       |     1 |       |       |       |       |       |       |       ||     1
 Armour: Ring mail         |    28 |       |       |       |       |       |       |       |       ||    28
         Robe              |     1 |       |       |       |       |       |       |       |       ||     1
         Plate armour      |    17 |    22 |   260 |   505 |     6 |       |   711 |   732 |   132 ||  2385
         Scale mail        |     1 |       |       |     2 |   371 |       |       |       |       ||   374
         Chain mail        |       |       |       |       |   304 |   875 |    70 |       |       ||  1249
         Skin              |       |       |       |       |       |       |     1 |       |       ||     1
         Gold dragon scale |       |       |       |       |       |       |       |       |  1955 ||  1955
  Dodge: Dodged            |    37 |    14 |    98 |   170 |   392 |   543 |   342 |   293 |  1025 ||  2914
         Repelled          |       |       |       |       |       |       |       |       |    85 ||    85
  Block: Other             |       |       |       |       |    38 |   190 |   100 |       |       ||   328
         Kite shield       |       |       |       |       |       |       |   418 |  1220 |  2464 ||  4102
         Reflection        |       |       |       |       |       |       |    18 |    59 |   183 ||   260
         Tower shield      |       |       |       |       |       |       |       |       |  2834 ||  2834
